Workbook

Sheet General information
B2: Average Salary | E2: Number of Tickets | F2: {=SUM(Houses!C5:C9)+SUM(Houses!C15:C19)+SUM(Houses!C25:C29)+SUM(Houses!C35:C39)+SUM(Weapons!D17:D23)+SUM(Weapons!D39:D43)+SUM(Weapons!D5:D11)+SUM(Weapons!D29:D33)+SUM(Food!D5:D11)+SUM(Food!D17:D23)+SUM(Food!D29:D33)+SUM(Food!D39:D43+SUM(Airplanes!C5:C9)+SUM(Airplanes!C15:C19)+SUM(Airplanes!C25:C29)+SUM(Airplanes!C35:C39))} -> 0 | H2: Tycoon Pack | K2: Management Companies | L2: =SUM(Weapons!C5:C11)+SUM(Weapons!C17:C23)+SUM(Weapons!C29:C33)+SUM(Weapons!C39:C43)+SUM(Food!C5:C11)+SUM(Food!C17:C23)+SUM(Food!C29:C33)+SUM(Food!C39:C43) -> 0 | N2: Gold Price
B4: Houses | J4: Airplanes
C5: Country 1 | D5: Country 2 | G5: Country 1 | H5: Country 2 | K5: Country 1 | L5: Country 2 | O5: Country 1 | P5: Country 2
B6: Company | C6: Pollution | D6: Pollution | F6: Productivity/Test | G6: =(100+$G$7+$G$8+$G$9)-G10 -> 100 | H6: =(100+$H$7+$H$8+$H$9)-H10 -> 100 | J6: Company | K6: Pollution | L6: Pollution | N6: Productivity/Test | O6: =(100+$O$7+$O$8+$O$9)-O10 -> 100 | P6: =(100+$P$7+$P$8+$P$9)-P10 -> 100
B7: Raw Material | F7: Country Bonus | J7: Raw Material | N7: Country Bonus
B8: Q1 | F8: Region Bonus | J8: Q1 | N8: Region Bonus
B9: Q2 | F9: Booster | G9: =IF('General information'!$I$2=1,20,IF('General information'!$I$2=2,26,0)) -> 0 | H9: =IF('General information'!$I$2=1,20,IF('General information'!$I$2=2,26,0)) -> 0 | J9: Q2 | N9: Booster | O9: =IF('General information'!$I$2=1,20,IF('General information'!$I$2=2,26,0)) -> 0 | P9: =IF('General information'!$I$2=1,20,IF('General information'!$I$2=2,26,0)) -> 0
B10: Q3 | F10: Pollution | J10: Q3 | N10: Pollution
B11: Q4 | J11: Q4
B12: Q5 | J12: Q5
B13: Q6 | G13: TAX - VAT | J13: Q6 | O13: TAX - VAT
B14: Q7 | G14: TAX - Import | J14: Q7 | O14: TAX - Import
B17: Weapons | J17: Food
C18: Country 1 | D18: Country 2 | G18: Country 1 | H18: Country 2 | K18: Country 1 | L18: Country 2 | O18: Country 1 | P18: Country 2
B19: Company | C19: Pollution | D19: Pollution | F19: Productivity/Test | G19: =(100+$G$20+$G$21+$G$22)-G23 -> 100 | H19: =(100+$H$20+$H$21+$H$22)-H23 -> 100 | J19: Company | K19: Pollution | L19: Pollution | N19: Productivity/Test | O19: =(100+$O$20+$O$21+$O$22)-O23 -> 100 | P19: =(100+$P$20+$P$21+$P$22)-P23 -> 100
B20: Raw Material | F20: Country Bonus | J20: Raw Material | N20: Country Bonus
B21: Q1 | F21: Region Bonus | J21: Q1 | N21: Region Bonus
B22: Q2 | F22: Booster | G22: =IF('General information'!$I$2=1,20,IF('General information'!$I$2=2,26,0)) -> 0 | H22: =IF('General information'!$I$2=1,20,IF('General information'!$I$2=2,26,0)) -> 0 | J22: Q2 | N22: Booster | O22: =IF('General information'!$I$2=1,20,IF('General information'!$I$2=2,26,0)) -> 0 | P22: =IF('General information'!$I$2=1,20,IF('General information'!$I$2=2,26,0)) -> 0
B23: Q3 | F23: Pollution | J23: Q3 | N23: Pollution
B24: Q4 | J24: Q4
B25: Q5 | J25: Q5
B26: Q6 | J26: Q6
B27: Q7 | J27: Q7
C29: Average Salary | D29: Tax | E29: Manager Tax | K29: Average Salary | L29: Tax | M29: Manager Tax
B30: Country 1 | E30: =C30*D30% -> 0 | J30: Country 1 | M30: =K30*L30% -> 0
B31: Country 2 | E31: =C31*D31% -> 0 | G31: TAX - VAT | J31: Country 2 | M31: =K31*L31% -> 0 | O31: TAX - VAT
B32: Country of Citizenship | E32: =C32*D32% -> 0 | G32: TAX - Import | J32: Country of Citizenship | M32: =K32*L32% -> 0 | O32: TAX - Import

Sheet Houses
B2: Holding 1
B3: Houses | C3: Employees | D3: Production | E3: Raw/Day | F3: Time (Days) | G3: Number of Houses (Day) | H3: Houses by Time | I3: Total Salaries | J3: Raw Material per House | K3: Raw Material Cost | L3: Unit Cost - Without Taxes | M3: Unit Cost - With Taxes | N3: Revenue | O3: Profit/Loss | P3: % Profit/Loss - Per House
B4: Quality
B5: Q1 | D5: =C5*(20*((100+'General information'!$G$7+'General information'!$G$8+'General information'!$G$9)-'General information'!$C$8)/100) -> 0 | E5: =(C5*(20*((100+'General information'!$G$7+'General information'!$G$8+'General information'!$G$9)-'General information'!C8)))/1000 -> 0 | F5: =IF(ISERROR(100/D5),0,100/D5) -> 0 | G5: =IFERROR(1/F5,0) -> 0 | H5: =IF((G5*F5)<1,G5*F5*G5,1)*IF(G5<1,1,INT(G5)) -> 0 | I5: =IF(F5=1,C5*'General information'!$C$2,IF(F5<0,(H5)*C5*'General information'!$C$2,(F5*H5)*C5*'General information'!$C$2)) -> 0 | J5: =10*H5 -> 0 | K5: =J5*Houses!$N$24 -> 0 | L5: =IFERROR((I5)/H5+IF(I5=0,0,K5/H5),0) -> 0 | M5: =L5+IF(L5=0,0,$O$25) -> 0 | N5: =($N$25-$O$25)*H5 -> 0 | O5: =(N5-(L5*H5)) -> 0 | P5: =IF(D5=0,0,(IF((ISERROR(($N$25-$O$25)/L5)),0,($N$25-$O$25)/L5)-1)) -> 0
B6: Q2 | D6: =C6*(10*((100+'General information'!$G$7+'General information'!$G$8+'General information'!$G$9)-'General information'!$C$9)/100) -> 0 | E6: =(C6*(20*((100+'General information'!$G$7+'General information'!$G$8+'General information'!$G$9)-'General information'!C9)))/1000 -> 0 | F6: =IF(ISERROR(100/D6),0,100/D6) -> 0 | G6: =IFERROR(1/F6,0) -> 0 | H6: =IF((G6*F6)<1,G6*F6*G6,1)*IF(G6<1,1,INT(G6)) -> 0 | I6: =IF(F6=1,C6*'General information'!$C$2,IF(F6<0,(H6)*C6*'General information'!$C$2,(F6*H6)*C6*'General information'!$C$2)) -> 0 | J6: =20*H6 -> 0 | K6: =J6*Houses!$N$24 -> 0 | L6: =IFERROR((I6)/H6+IF(I6=0,0,K6/H6),0) -> 0 | M6: =L6+IF(L6=0,0,$O$26) -> 0 | N6: =($N$26-$O$26)*H6 -> 0 | O6: =(N6-(L6*H6)) -> 0 | P6: =IF(D6=0,0,(IF((ISERROR(($N$26-$O$26)/L6)),0,($N$26-$O$26)/L6)-1)) -> 0
B7: Q3 | D7: =C7*(5*((100+'General information'!$G$7+'General information'!$G$8+'General information'!$G$9)-'General information'!$C$10)/100) -> 0 | E7: =(C7*(20*((100+'General information'!$G$7+'General information'!$G$8+'General information'!$G$9)-'General information'!C10)))/1000 -> 0 | F7: =IF(ISERROR(100/D7),0,100/D7) -> 0 | G7: =IFERROR(1/F7,0) -> 0 | H7: =IF((G7*F7)<1,G7*F7*G7,1)*IF(G7<1,1,INT(G7)) -> 0 | I7: =IF(F7=1,C7*'General information'!$C$2,IF(F7<0,(H7)*C7*'General information'!$C$2,(F7*H7)*C7*'General information'!$C$2)) -> 0 | J7: =40*H7 -> 0 | K7: =J7*Houses!$N$24 -> 0 | L7: =IFERROR((I7)/H7+IF(I7=0,0,K7/H7),0) -> 0 | M7: =L7+IF(L7=0,0,$O$27) -> 0 | N7: =($N$27-$O$27)*H7 -> 0 | O7: =(N7-(L7*H7)) -> 0 | P7: =IF(D7=0,0,(IF((ISERROR(($N$27-$O$27)/L7)),0,($N$27-$O$27)/L7)-1)) -> 0
B8: Q4 | D8: =C8*(2.5*((100+'General information'!$G$7+'General information'!$G$8+'General information'!$G$9)-'General information'!$C$11)/100) -> 0 | E8: =(C8*(20*((100+'General information'!$G$7+'General information'!$G$8+'General information'!$G$9)-'General information'!C11)))/1000 -> 0 | F8: =IF(ISERROR(100/D8),0,100/D8) -> 0 | G8: =IFERROR(1/F8,0) -> 0 | H8: =IF((G8*F8)<1,G8*F8*G8,1)*IF(G8<1,1,INT(G8)) -> 0 | I8: =IF(F8=1,C8*'General information'!$C$2,IF(F8<0,(H8)*C8*'General information'!$C$2,(F8*H8)*C8*'General information'!$C$2)) -> 0 | J8: =80*H8 -> 0 | K8: =J8*Houses!$N$24 -> 0 | L8: =IFERROR((I8)/H8+IF(I8=0,0,K8/H8),0) -> 0 | M8: =L8+IF(L8=0,0,$O$28) -> 0 | N8: =($N$28-$O$28)*H8 -> 0 | O8: =(N8-(L8*H8)) -> 0 | P8: =IF(D8=0,0,(IF((ISERROR(($N$28-$O$28)/L8)),0,($N$28-$O$28)/L8)-1)) -> 0
B9: Q5 | D9: =C9*(1.6666*((100+'General information'!$G$7+'General information'!$G$8+'General information'!$G$9)-'General information'!$C$12)/100) -> 0 | E9: =(C9*(20*((100+'General information'!$G$7+'General information'!$G$8+'General information'!$G$9)-'General information'!C12)))/1000 -> 0 | F9: =IF(ISERROR(100/D9),0,100/D9) -> 0 | G9: =IFERROR(1/F9,0) -> 0 | H9: =IF((G9*F9)<1,G9*F9*G9,1)*IF(G9<1,1,INT(G9)) -> 0 | I9: =IF(F9=1,C9*'General information'!$C$2,IF(F9<0,(H9)*C9*'General information'!$C$2,(F9*H9)*C9*'General information'!$C$2)) -> 0 | J9: =120*H9 -> 0 | K9: =J9*Houses!$N$24 -> 0 | L9: =IFERROR((I9)/H9+IF(I9=0,0,K9/H9),0) -> 0 | M9: =L9+IF(L9=0,0,$O$29) -> 0 | N9: =($N$29-$O$29)*H9 -> 0 | O9: =(N9-(L9*H9)) -> 0 | P9: =IF(D9=0,0,(IF((ISERROR(($N$29-$O$29)/L9)),0,($N$29-$O$29)/L9)-1)) -> 0
B10: Total | E10: =SUM(E5:E9) -> 0 | I10: =SUM(I5:I9) -> 0 | J10: =SUM(J5:J9) -> 0 | K10: =SUM(K5:K9) -> 0 | L10: =(L5*H5+L6*H6+L7*H7+L8*H8+L9*H9) -> 0 | N10: =SUM(N5:N9) -> 0 | O10: =SUM(O5:O9) -> 0
B12: Holding 2
B13: Houses | C13: Employees | D13: Production | E13: Raw/Day | F13: Time (Days) | G13: Number of Houses (Day) | H13: Houses by Time | I13: Total Salaries | J13: Raw Material per House | K13: Raw Material Cost | L13: Unit Cost - Without Taxes | M13: Unit Cost - With Taxes | N13: Revenue | O13: Profit/Loss | P13: % Profit/Loss - Per House
A14: 0 | B14: Quality
B15: Q1 | D15: =C15*(20*((100+'General information'!$H$7+'General information'!$H$8+'General information'!$H$9)-'General information'!$D$8)/100) -> 0 | E15: =(C15*(20*((100+'General information'!$H$7+'General information'!$H$8+'General information'!$H$9)-'General information'!D8)))/1000 -> 0 | F15: =IF(ISERROR(100/D15),0,100/D15) -> 0 | G15: =IFERROR(1/F15,0) -> 0 | H15: =IF((G15*F15)<1,G15*F15*G15,1)*IF(G15<1,1,INT(G15)) -> 0 | I15: =IF(F15=1,C15*'General information'!$C$2,IF(F15<0,(H15)*C15*'General information'!$C$2,(F15*H15)*C15*'General information'!$C$2)) -> 0 | J15: =10*H15 -> 0 | K15: =J15*Houses!$N$24 -> 0 | L15: =IFERROR((I15)/H15+IF(I15=0,0,K15/H15),0) -> 0 | M15: =L15+IF(L15=0,0,O25) -> 0 | N15: =($N$25-$O$25)*H15 -> 0 | O15: =(N15-(L15*H15)) -> 0 | P15: =IF(D15=0,0,(IF((ISERROR(($N$25-$O$25)/L15)),0,($N$25-$O$25)/L15)-1)) -> 0
B16: Q2 | D16: =C16*(10*((100+'General information'!$H$7+'General information'!$H$8+'General information'!$H$9)-'General information'!$D$9)/100) -> 0 | E16: =(C16*(20*((100+'General information'!$H$7+'General information'!$H$8+'General information'!$H$9)-'General information'!D9)))/1000 -> 0 | F16: =IF(ISERROR(100/D16),0,100/D16) -> 0 | G16: =IFERROR(1/F16,0) -> 0 | H16: =IF((G16*F16)<1,G16*F16*G16,1)*IF(G16<1,1,INT(G16)) -> 0 | I16: =IF(F16=1,C16*'General information'!$C$2,IF(F16<0,(H16)*C16*'General information'!$C$2,(F16*H16)*C16*'General information'!$C$2)) -> 0 | J16: =20*H16 -> 0 | K16: =J16*Houses!$N$24 -> 0 | L16: =IFERROR((I16)/H16+IF(I16=0,0,K16/H16),0) -> 0 | M16: =L16+IF(L16=0,0,O25) -> 0 | N16: =($N$26-$O$26)*H16 -> 0 | O16: =(N16-(L16*H16)) -> 0 | P16: =IF(D16=0,0,(IF((ISERROR(($N$26-$O$26)/L16)),0,($N$26-$O$26)/L16)-1)) -> 0
B17: Q3 | D17: =C17*(5*((100+'General information'!$H$7+'General information'!$H$8+'General information'!$H$9)-'General information'!$D$10)/100) -> 0 | E17: =(C17*(20*((100+'General information'!$H$7+'General information'!$H$8+'General information'!$H$9)-'General information'!D10)))/1000 -> 0 | F17: =IF(ISERROR(100/D17),0,100/D17) -> 0 | G17: =IFERROR(1/F17,0) -> 0 | H17: =IF((G17*F17)<1,G17*F17*G17,1)*IF(G17<1,1,INT(G17)) -> 0 | I17: =IF(F17=1,C17*'General information'!$C$2,IF(F17<0,(H17)*C17*'General information'!$C$2,(F17*H17)*C17*'General information'!$C$2)) -> 0 | J17: =40*H17 -> 0 | K17: =J17*Houses!$N$24 -> 0 | L17: =IFERROR((I17)/H17+IF(I17=0,0,K17/H17),0) -> 0 | M17: =L17+IF(L17=0,0,N27) -> 0 | N17: =($N$27-$O$27)*H17 -> 0 | O17: =(N17-(L17*H17)) -> 0 | P17: =IF(D17=0,0,(IF((ISERROR(($N$27-$O$27)/L17)),0,($N$27-$O$27)/L17)-1)) -> 0
B18: Q4 | D18: =C18*(2.5*((100+'General information'!$H$7+'General information'!$H$8+'General information'!$H$9)-'General information'!$D$11)/100) -> 0 | E18: =(C18*(20*((100+'General information'!$H$7+'General information'!$H$8+'General information'!$H$9)-'General information'!D11)))/1000 -> 0 | F18: =IF(ISERROR(100/D18),0,100/D18) -> 0 | G18: =IFERROR(1/F18,0) -> 0 | H18: =IF((G18*F18)<1,G18*F18*G18,1)*IF(G18<1,1,INT(G18)) -> 0 | I18: =IF(F18=1,C18*'General information'!$C$2,IF(F18<0,(H18)*C18*'General information'!$C$2,(F18*H18)*C18*'General information'!$C$2)) -> 0 | J18: =80*H18 -> 0 | K18: =J18*Houses!$N$24 -> 0 | L18: =IFERROR((I18)/H18+IF(I18=0,0,K18/H18),0) -> 0 | M18: =L18+IF(L18=0,0,N28) -> 0 | N18: =($N$28-$O$28)*H18 -> 0 | O18: =(N18-(L18*H18)) -> 0 | P18: =IF(D18=0,0,(IF((ISERROR(($N$28-$O$28)/L18)),0,($N$28-$O$28)/L18)-1)) -> 0
B19: Q5 | D19: =C19*(1.6666*((100+'General information'!$H$7+'General information'!$H$8+'General information'!$H$9)-'General information'!$D$12)/100) -> 0 | E19: =(C19*(20*((100+'General information'!$H$7+'General information'!$H$8+'General information'!$H$9)-'General information'!D12)))/1000 -> 0 | F19: =IF(ISERROR(100/D19),0,100/D19) -> 0 | G19: =IFERROR(1/F19,0) -> 0 | H19: =IF((G19*F19)<1,G19*F19*G19,1)*IF(G19<1,1,INT(G19)) -> 0 | I19: =IF(F19=1,C19*'General information'!$C$2,IF(F19<0,(H19)*C19*'General information'!$C$2,(F19*H19)*C19*'General information'!$C$2)) -> 0 | J19: =120*H19 -> 0 | K19: =J19*Houses!$N$24 -> 0 | L19: =IFERROR((I19)/H19+IF(I19=0,0,K19/H19),0) -> 0 | M19: =L19+IF(L19=0,0,O29) -> 0 | N19: =($N$29-$O$29)*H19 -> 0 | O19: =(N19-(L19*H19)) -> 0 | P19: =IF(D19=0,0,(IF((ISERROR(($N$29-$O$29)/L19)),0,($N$29-$O$29)/L19)-1)) -> 0
B20: Total | E20: =SUM(E15:E19) -> 0 | I20: =SUM(I15:I19) -> 0 | J20: =SUM(J15:J19) -> 0 | K20: =SUM(K15:K19) -> 0 | L20: =(L15*H15+L16*H16+L17*H17+L18*H18+L19*H19) -> 0 | N20: =SUM(N15:N19) -> 0 | O20: =SUM(O15:O19) -> 0
B22: Holding 1 | M22: Stock - Houses
B23: Raw Material | C23: Employees | D23: Production | E23: Total Salaries | F23: Unit Cost - Raw Material | G23: Export Tax | I23: Revenue | J23: Profit/Loss | K23: % Profit/Loss | M23: Quality | N23: Price | O23: Tax | P23: Amount | Q23: Gross Value | R23: Total Tax | S23: Net Total
B24: Quality | M24: Raw | O24: =IF(D30=0,0,(($N$24*'General information'!$H$14%))) -> 0 | Q24: =N24*P24 -> 0 | R24: =IF(P24=0,0,(($N$24*'General information'!$H$14%)*P24)) -> 0 | S24: =Q24-R24 -> 0
B25: Q1 | D25: =((35*((100+'General information'!$G$7+'General information'!$G$8+'General information'!$G$9)-'General information'!$C$7)/100)*C25)/100 -> 0 | E25: =C25*'General information'!$C$2 -> 0 | F25: =IF(ISERROR(E25/D25),0,E25/D25) -> 0 | G25: =IF(D25=0,0,(($N$24*'General information'!$H$14%)*D25)) -> 0 | I25: =D25*(Houses!$N$24-$O$24) -> 0 | J25: =I25-E25 -> 0 | K25: =IF(D25=0,0,(IF((ISERROR(($N$24-$O$24)/F25)),0,($N$24-$O$24)/F25)-1)) -> 0 | M25: Q1 | O25: =(N25*'General information'!$H$13%)+(N25*'General information'!$H$14%) -> 0 | Q25: =N25*P25 -> 0 | R25: =((N25*'General information'!$H$13%)+(N25*'General information'!$H$14%))*P25 -> 0 | S25: =Q25-R25 -> 0
B26: Q2 | D26: =((70*((100+'General information'!$G$7+'General information'!$G$8+'General information'!$G$9)-'General information'!$C$7)/100)*C26)/100 -> 0 | E26: =C26*'General information'!$C$2 -> 0 | F26: =IF(ISERROR(E26/D26),0,E26/D26) -> 0 | G26: =IF(D26=0,0,(($N$24*'General information'!$H$14%)*D26)) -> 0 | I26: =D26*(Houses!$N$24-$O$24) -> 0 | J26: =I26-E26 -> 0 | K26: =IF(D26=0,0,(IF((ISERROR(($N$24-$O$24)/F26)),0,($N$24-$O$24)/F26)-1)) -> 0 | M26: Q2 | O26: =(N26*'General information'!$H$13%)+(N26*'General information'!$H$14%) -> 0 | Q26: =N26*P26 -> 0 | R26: =((N26*'General information'!$H$13%)+(N26*'General information'!$H$14%))*P26 -> 0 | S26: =Q26-R26 -> 0
B27: Q3 | D27: =((125*((100+'General information'!$G$7+'General information'!$G$8+'General information'!$G$9)-'General information'!$C$7)/100)*C27)/100 -> 0 | E27: =C27*'General information'!$C$2 -> 0 | F27: =IF(ISERROR(E27/D27),0,E27/D27) -> 0 | G27: =IF(D27=0,0,(($N$24*'General information'!$H$14%)*D27)) -> 0 | I27: =D27*(Houses!$N$24-$O$24) -> 0 | J27: =I27-E27 -> 0 | K27: =IF(D27=0,0,(IF((ISERROR(($N$24-$O$24)/F27)),0,($N$24-$O$24)/F27)-1)) -> 0 | M27: Q3 | O27: =(N27*'General information'!$H$13%)+(N27*'General information'!$H$14%) -> 0 | Q27: =N27*P27 -> 0 | R27: =((N27*'General information'!$H$13%)+(N27*'General information'!$H$14%))*P27 -> 0 | S27: =Q27-R27 -> 0
B28: Q4 | D28: =((175*((100+'General information'!$G$7+'General information'!$G$8+'General information'!$G$9)-'General information'!$C$7)/100)*C28)/100 -> 0 | E28: =C28*'General information'!$C$2 -> 0 | F28: =IF(ISERROR(E28/D28),0,E28/D28) -> 0 | G28: =IF(D28=0,0,(($N$24*'General information'!$H$14%)*D28)) -> 0 | I28: =D28*(Houses!$N$24-$O$24) -> 0 | J28: =I28-E28 -> 0 | K28: =IF(D28=0,0,(IF((ISERROR(($N$24-$O$24)/F28)),0,($N$24-$O$24)/F28)-1)) -> 0 | M28: Q4 | O28: =(N28*'General information'!$H$13%)+(N28*'General information'!$H$14%) -> 0 | Q28: =N28*P28 -> 0 | R28: =((N28*'General information'!$H$13%)+(N28*'General information'!$H$14%))*P28 -> 0 | S28: =Q28-R28 -> 0
B29: Q5 | D29: =((250*((100+'General information'!$G$7+'General information'!$G$8+'General information'!$G$9)-'General information'!$C$7)/100)*C29)/100 -> 0 | E29: =C29*'General information'!$C$2 -> 0 | F29: =IF(ISERROR(E29/D29),0,E29/D29) -> 0 | G29: =IF(D29=0,0,(($N$24*'General information'!$H$14%)*D29)) -> 0 | I29: =D29*(Houses!$N$24-$O$24) -> 0 | J29: =I29-E29 -> 0 | K29: =IF(D29=0,0,(IF((ISERROR(($N$24-$O$24)/F29)),0,($N$24-$O$24)/F29)-1)) -> 0 | M29: Q5 | O29: =(N29*'General information'!$H$13%)+(N29*'General information'!$H$14%) -> 0 | Q29: =N29*P29 -> 0 | R29: =((N29*'General information'!$H$13%)+(N29*'General information'!$H$14%))*P29 -> 0 | S29: =Q29-R29 -> 0
B30: Total | C30: - | D30: =SUM(D25:D29) -> 0 | E30: =SUM(E25:E29) -> 0 | F30: =IF(ISERROR(E30/D30),0,E30/D30) -> 0 | G30: =SUM(G25:G29) -> 0 | I30: =SUM(I25:I29) -> 0 | J30: =SUM(J25:J29) -> 0 | O30: =SUM(O24:O29) -> 0 | Q30: =SUM(Q24:Q29) -> 0 | R30: =SUM(R24:R29) -> 0 | S30: =SUM(S24:S29) -> 0
B32: Holding 2 | N32: Raw | O32: Cost | P32: Average Cost
B33: Raw Material | C33: Employees | D33: Production | E33: Total Salaries | F33: Unit Cost - Raw Material | G33: Export Tax | I33: Revenue | J33: Profit/Loss | K33: % Profit/Loss | M33: Production | N33: =D30+D40 -> 0 | O33: =N33*((F30+F40)/2) -> 0 | P33: =IF(ISERROR(O33/N33),0,O33/N33) -> 0
B34: Quality | M34: Purchase | N34: =IF(N35>N33,N35-N33,0) -> 0 | O34: =N24*N34 -> 0 | P34: =IF(ISERROR(O34/N34),0,O34/N34) -> 0
B35: Q1 | D35: =((35*((100+'General information'!$H$7+'General information'!$H$8+'General information'!$H$9)-'General information'!D7)/100)*C35)/100 -> 0 | E35: =C35*'General information'!$C$2 -> 0 | F35: =IF(ISERROR(E35/D35),0,E35/D35) -> 0 | G35: =IF(D35=0,0,(($N$24*'General information'!$H$14%)*D35)) -> 0 | I35: =D35*Houses!$N$24 -> 0 | J35: =I35-(E35+G35) -> 0 | K35: =IF(D35=0,0,(IF((ISERROR(($N$24-$O$24)/F35)),0,($N$24-$O$24)/F35)-1)) -> 0 | M35: Daily use | N35: =E10+E20 -> 0 | O35: =O33+O34 -> 0 | P35: =IF(N35>N33,((N33/N35*P33)+(N34/N35*P34)),P33) -> 0
B36: Q2 | D36: =((70*((100+'General information'!$H$7+'General information'!$H$8+'General information'!$H$9)-'General information'!D7)/100)*C36)/100 -> 0 | E36: =C36*'General information'!$C$2 -> 0 | F36: =IF(ISERROR(E36/D36),0,E36/D36) -> 0 | G36: =IF(D36=0,0,(($N$24*'General information'!$H$14%)*D36)) -> 0 | I36: =D36*Houses!$N$24 -> 0 | J36: =I36-(E36+G36) -> 0 | K36: =IF(D36=0,0,(IF((ISERROR(($N$24-$O$24)/F36)),0,($N$24-$O$24)/F36)-1)) -> 0 | M36: Surplus / Shortage | N36: =N33-N35 -> 0
B37: Q3 | D37: =((125*((100+'General information'!$H$7+'General information'!$H$8+'General information'!$H$9)-'General information'!D7)/100)*C37)/100 -> 0 | E37: =C37*'General information'!$C$2 -> 0 | F37: =IF(ISERROR(E37/D37),0,E37/D37) -> 0 | G37: =IF(D37=0,0,(($N$24*'General information'!$H$14%)*D37)) -> 0 | I37: =D37*Houses!$N$24 -> 0 | J37: =I37-(E37+G37) -> 0 | K37: =IF(D37=0,0,(IF((ISERROR(($N$24-$O$24)/F37)),0,($N$24-$O$24)/F37)-1)) -> 0
B38: Q4 | D38: =((175*((100+'General information'!$H$7+'General information'!$H$8+'General information'!$H$9)-'General information'!D7)/100)*C38)/100 -> 0 | E38: =C38*'General information'!$C$2 -> 0 | F38: =IF(ISERROR(E38/D38),0,E38/D38) -> 0 | G38: =IF(D38=0,0,(($N$24*'General information'!$H$14%)*D38)) -> 0 | I38: =D38*Houses!$N$24 -> 0 | J38: =I38-(E38+G38) -> 0 | K38: =IF(D38=0,0,(IF((ISERROR(($N$24-$O$24)/F38)),0,($N$24-$O$24)/F38)-1)) -> 0
B39: Q5 | D39: =((250*((100+'General information'!$H$7+'General information'!$H$8+'General information'!$H$9)-'General information'!D7)/100)*C39)/100 -> 0 | E39: =C39*'General information'!$C$2 -> 0 | F39: =IF(ISERROR(E39/D39),0,E39/D39) -> 0 | G39: =IF(D39=0,0,(($N$24*'General information'!$H$14%)*D39)) -> 0 | I39: =D39*Houses!$N$24 -> 0 | J39: =I39-(E39+G39) -> 0 | K39: =IF(D39=0,0,(IF((ISERROR(($N$24-$O$24)/F39)),0,($N$24-$O$24)/F39)-1)) -> 0
B40: Total | C40: - | D40: =SUM(D35:D39) -> 0 | E40: =SUM(E35:E39) -> 0 | F40: =IF(ISERROR(E40/D40),0,E40/D40) -> 0 | G40: =IF(ISERROR(F40/E40),0,F40/E40) -> 0 | I40: =SUM(I35:I39) -> 0 | J40: =SUM(J35:J39) -> 0

Sheet Weapons
B2: Holding 1
B3: Weapons | C3: Manager | D3: Employees | E3: Production | F3: Raw/Day | G3: Total Salaries | H3: Manager Tax | I3: Raw Material Cost | J3: Total Cost - Without Taxes | K3: Unit Cost - Without Taxes | L3: Unit Cost - With Taxes | M3: Revenue | N3: Profit/Loss | O3: % Profit/Loss Per Weapon
B4: Quality
B5: Q1 | E5: =(10*((100+'General information'!$G$20+'General information'!$G$21+'General information'!$G$22)-'General information'!C21)/100)*(D5+C5) -> 0 | F5: =(E5*10)/100 -> 0 | G5: =D5*'General information'!$C$2 -> 0 | H5: =(('General information'!$E$30*C5)*0.8+('General information'!$E$32*C5)*0.2) -> 0 | I5: =F5*Weapons!$P$28 -> 0 | J5: =(G5+I5+H5) -> 0 | K5: =IF(ISERROR((J5/E5)),0,((J5/E5))) -> 0 | L5: =IF(E5=0,0,K5+P5) -> 0 | M5: =(E5*($P$29-$Q$29)) -> 0 | N5: =M5-J5 -> 0 | O5: =IF(E5=0,0,(IF((ISERROR(($P$29-$Q$29)/K5)),0,($P$29-$Q$29)/K5)-1)) -> 0
B6: Q2 | E6: =(10*((100+'General information'!$G$20+'General information'!$G$21+'General information'!$G$22)-'General information'!C22)/100)*(D6+C6) -> 0 | F6: =(E6*20)/100 -> 0 | G6: =D6*'General information'!$C$2 -> 0 | H6: =(('General information'!$E$30*C6)*0.8+('General information'!$E$32*C6)*0.2) -> 0 | I6: =F6*Weapons!$P$28 -> 0 | J6: =(G6+I6+H6) -> 0 | K6: =IF(ISERROR((J6/E6)),0,((J6/E6))) -> 0 | L6: =IF(E6=0,0,K6+P6) -> 0 | M6: =(E6*($P$30-$Q$30)) -> 0 | N6: =M6-J6 -> 0 | O6: =IF(E6=0,0,(IF((ISERROR(($P$30-$Q$30)/K6)),0,($P$30-$Q$30)/K6)-1)) -> 0
B7: Q3 | E7: =(10*((100+'General information'!$G$20+'General information'!$G$21+'General information'!$G$22)-'General information'!C23)/100)*(D7+C7) -> 0 | F7: =(E7*30)/100 -> 0 | G7: =D7*'General information'!$C$2 -> 0 | H7: =(('General information'!$E$30*C7)*0.8+('General information'!$E$32*C7)*0.2) -> 0 | I7: =F7*Weapons!$P$28 -> 0 | J7: =(G7+I7+H7) -> 0 | K7: =IF(ISERROR((J7/E7)),0,((J7/E7))) -> 0 | L7: =IF(E7=0,0,K7+P7) -> 0 | M7: =(E7*($P$31-$Q$31)) -> 0 | N7: =M7-J7 -> 0 | O7: =IF(E7=0,0,(IF((ISERROR(($P$31-$Q$31)/K7)),0,($P$31-$Q$31)/K7)-1)) -> 0
B8: Q4 | E8: =(10*((100+'General information'!$G$20+'General information'!$G$21+'General information'!$G$22)-'General information'!C24)/100)*(D8+C8) -> 0 | F8: =(E8*40)/100 -> 0 | G8: =D8*'General information'!$C$2 -> 0 | H8: =(('General information'!$E$30*C8)*0.8+('General information'!$E$32*C8)*0.2) -> 0 | I8: =F8*Weapons!$P$28 -> 0 | J8: =(G8+I8+H8) -> 0 | K8: =IF(ISERROR((J8/E8)),0,((J8/E8))) -> 0 | L8: =IF(E8=0,0,K8+P8) -> 0 | M8: =(E8*($P$32-$Q$32)) -> 0 | N8: =M8-J8 -> 0 | O8: =IF(E8=0,0,(IF((ISERROR(($P$32-$Q$32)/K8)),0,($P$32-$Q$32)/K8)-1)) -> 0
B9: Q5 | E9: =(10*((100+'General information'!$G$20+'General information'!$G$21+'General information'!$G$22)-'General information'!C25)/100)*(D9+C9) -> 0 | F9: =(E9*50)/100 -> 0 | G9: =D9*'General information'!$C$2 -> 0 | H9: =(('General information'!$E$30*C9)*0.8+('General information'!$E$32*C9)*0.2) -> 0 | I9: =F9*Weapons!$P$28 -> 0 | J9: =(G9+I9+H9) -> 0 | K9: =IF(ISERROR((J9/E9)),0,((J9/E9))) -> 0 | L9: =IF(E9=0,0,K9+P9) -> 0 | M9: =(E9*($P$33-$Q$33)) -> 0 | N9: =M9-J9 -> 0 | O9: =IF(E9=0,0,(IF((ISERROR(($P$33-$Q$33)/K9)),0,($P$33-$Q$33)/K9)-1)) -> 0
B10: Q6 | E10: =(10*((100+'General information'!$G$20+'General information'!$G$21+'General information'!$G$22)-'General information'!C26)/100)*(D10+C10) -> 0 | F10: =(E10*60)/100 -> 0 | G10: =D10*'General information'!$C$2 -> 0 | H10: =(('General information'!$E$30*C10)*0.8+('General information'!$E$32*C10)*0.2) -> 0 | I10: =F10*Weapons!$P$28 -> 0 | J10: =(G10+I10+H10) -> 0 | K10: =IF(ISERROR((J10/E10)),0,((J10/E10))) -> 0 | L10: =IF(E10=0,0,K10+P10) -> 0 | M10: =(E10*($P$34-$Q$34)) -> 0 | N10: =M10-J10 -> 0 | O10: =IF(E10=0,0,(IF((ISERROR(($P$34-$Q$34)/K10)),0,($P$34-$Q$34)/K10)-1)) -> 0
B11: Q7 | E11: =(10*((100+'General information'!$G$20+'General information'!$G$21+'General information'!$G$22)-'General information'!C27)/100)*(D11+C11) -> 0 | F11: =(E11*200)/100 -> 0 | G11: =D11*'General information'!$C$2 -> 0 | H11: =(('General information'!$E$30*C11)*0.8+('General information'!$E$32*C11)*0.2) -> 0 | I11: =F11*Weapons!$P$28 -> 0 | J11: =(G11+I11+H11) -> 0 | K11: =IF(ISERROR((J11/E11)),0,((J11/E11))) -> 0 | L11: =IF(E11=0,0,K11+P11) -> 0 | M11: =(E11*($P$35-$Q$35)) -> 0 | N11: =M11-J11 -> 0 | O11: =IF(E11=0,0,(IF((ISERROR(($P$35-$Q$35)/K11)),0,($P$35-$Q$35)/K11)-1)) -> 0
B12: Total | F12: =SUM(F5:F11) -> 0 | G12: =SUM(G5:G11) -> 0 | H12: =SUM(H5:H11) -> 0 | I12: =SUM(I5:I11) -> 0 | J12: =SUM(J5:J11) -> 0 | M12: =SUM(M5:M11) -> 0 | N12: =SUM(N5:N11) -> 0
B14: Holding 2
B15: Weapons | C15: Manager | D15: Employees | E15: Production | F15: Raw/Day | G15: Total Salaries | H15: Manager Tax | I15: Raw Material Cost | J15: Total Cost - Without Taxes | K15: Unit Cost - Without Taxes | L15: Unit Cost - With Taxes | M15: Revenue | N15: Profit/Loss | O15: % Profit/Loss Per Weapon
B16: Quality
B17: Q1 | E17: =(10*((100+'General information'!$H$20+'General information'!$H$21+'General information'!$H$22)-'General information'!D21)/100)*(D17+C17) -> 0 | F17: =(E17*10)/100 -> 0 | G17: =D17*'General information'!$C$2 -> 0 | H17: =(('General information'!$E$31*C17)*0.8+('General information'!$E$32*C17)*0.2) -> 0 | I17: =F17*Weapons!$P$28 -> 0 | J17: =(G17+I17+H17) -> 0 | K17: =IF(ISERROR((J17/E17)),0,((J17/E17))) -> 0 | L17: =IF(E17=0,0,K17+Q29) -> 0 | M17: =(E17*($P$29-$Q$29)) -> 0 | N17: =M17-J17 -> 0 | O17: =IF(E17=0,0,(IF((ISERROR(($P$29-$Q$29)/K17)),0,($P$29-$Q$29)/K17)-1)) -> 0
B18: Q2 | E18: =(10*((100+'General information'!$H$20+'General information'!$H$21+'General information'!$H$22)-'General information'!D22)/100)*(D18+C18) -> 0 | F18: =(E18*20)/100 -> 0 | G18: =D18*'General information'!$C$2 -> 0 | H18: =(('General information'!$E$31*C18)*0.8+('General information'!$E$32*C18)*0.2) -> 0 | I18: =F18*Weapons!$P$28 -> 0 | J18: =(G18+I18+H18) -> 0 | K18: =IF(ISERROR((J18/E18)),0,((J18/E18))) -> 0 | L18: =IF(E18=0,0,K18+Q30) -> 0 | M18: =(E18*($P$30-$Q$30)) -> 0 | N18: =M18-J18 -> 0 | O18: =IF(E18=0,0,(IF((ISERROR(($P$30-$Q$30)/K18)),0,($P$30-$Q$30)/K18)-1)) -> 0
B19: Q3 | E19: =(10*((100+'General information'!$H$20+'General information'!$H$21+'General information'!$H$22)-'General information'!D23)/100)*(D19+C19) -> 0 | F19: =(E19*30)/100 -> 0 | G19: =D19*'General information'!$C$2 -> 0 | H19: =(('General information'!$E$31*C19)*0.8+('General information'!$E$32*C19)*0.2) -> 0 | I19: =F19*Weapons!$P$28 -> 0 | J19: =(G19+I19+H19) -> 0 | K19: =IF(ISERROR((J19/E19)),0,((J19/E19))) -> 0 | L19: =IF(E19=0,0,K19+Q31) -> 0 | M19: =(E19*($P$31-$Q$31)) -> 0 | N19: =M19-J19 -> 0 | O19: =IF(E19=0,0,(IF((ISERROR(($P$31-$Q$31)/K19)),0,($P$31-$Q$31)/K19)-1)) -> 0
B20: Q4 | E20: =(10*((100+'General information'!$H$20+'General information'!$H$21+'General information'!$H$22)-'General information'!D24)/100)*(D20+C20) -> 0 | F20: =(E20*40)/100 -> 0 | G20: =D20*'General information'!$C$2 -> 0 | H20: =(('General information'!$E$31*C20)*0.8+('General information'!$E$32*C20)*0.2) -> 0 | I20: =F20*Weapons!$P$28 -> 0 | J20: =(G20+I20+H20) -> 0 | K20: =IF(ISERROR((J20/E20)),0,((J20/E20))) -> 0 | L20: =IF(E20=0,0,K20+Q32) -> 0 | M20: =(E20*($P$32-$Q$32)) -> 0 | N20: =M20-J20 -> 0 | O20: =IF(E20=0,0,(IF((ISERROR(($P$32-$Q$32)/K20)),0,($P$32-$Q$32)/K20)-1)) -> 0
B21: Q5 | E21: =(10*((100+'General information'!$H$20+'General information'!$H$21+'General information'!$H$22)-'General information'!D25)/100)*(D21+C21) -> 0 | F21: =(E21*50)/100 -> 0 | G21: =D21*'General information'!$C$2 -> 0 | H21: =(('General information'!$E$31*C21)*0.8+('General information'!$E$32*C21)*0.2) -> 0 | I21: =F21*Weapons!$P$28 -> 0 | J21: =(G21+I21+H21) -> 0 | K21: =IF(ISERROR((J21/E21)),0,((J21/E21))) -> 0 | L21: =IF(E21=0,0,K21+Q33) -> 0 | M21: =(E21*($P$33-$Q$33)) -> 0 | N21: =M21-J21 -> 0 | O21: =IF(E21=0,0,(IF((ISERROR(($P$33-$Q$33)/K21)),0,($P$33-$Q$33)/K21)-1)) -> 0
B22: Q6 | E22: =(10*((100+'General information'!$H$20+'General information'!$H$21+'General information'!$H$22)-'General information'!D26)/100)*(D22+C22) -> 0 | F22: =(E22*60)/100 -> 0 | G22: =D22*'General information'!$C$2 -> 0 | H22: =(('General information'!$E$31*C22)*0.8+('General information'!$E$32*C22)*0.2) -> 0 | I22: =F22*Weapons!$P$28 -> 0 | J22: =(G22+I22+H22) -> 0 | K22: =IF(ISERROR((J22/E22)),0,((J22/E22))) -> 0 | L22: =IF(E22=0,0,K22+Q34) -> 0 | M22: =(E22*($P$34-$Q$34)) -> 0 | N22: =M22-J22 -> 0 | O22: =IF(E22=0,0,(IF((ISERROR(($P$34-$Q$34)/K22)),0,($P$34-$Q$34)/K22)-1)) -> 0
B23: Q7 | E23: =(10*((100+'General information'!$H$20+'General information'!$H$21+'General information'!$H$22)-'General information'!D27)/100)*(D23+C23) -> 0 | F23: =(E23*200)/100 -> 0 | G23: =D23*'General information'!$C$2 -> 0 | H23: =(('General information'!$E$31*C23)*0.8+('General information'!$E$32*C23)*0.2) -> 0 | I23: =F23*Weapons!$P$28 -> 0 | J23: =(G23+I23+H23) -> 0 | K23: =IF(ISERROR((J23/E23)),0,((J23/E23))) -> 0 | L23: =IF(E23=0,0,K23+Q35) -> 0 | M23: =(E23*($P$35-$Q$35)) -> 0 | N23: =M23-J23 -> 0 | O23: =IF(E23=0,0,(IF((ISERROR(($P$35-$Q$35)/K23)),0,($P$35-$Q$35)/K23)-1)) -> 0
B24: Total | F24: =SUM(F17:F23) -> 0 | G24: =SUM(G17:G23) -> 0 | H24: =SUM(H17:H23) -> 0 | I24: =SUM(I17:I23) -> 0 | J24: =SUM(J17:J23) -> 0 | M24: =SUM(M17:M23) -> 0 | N24: =SUM(N17:N23) -> 0
B26: Holding 1 | O26: Stock - Weapons
B27: Raw Material | C27: Manager | D27: Employees | E27: Production | F27: Manager Tax | G27: Total Salaries | H27: Total Cost - Without Taxes | I27: Unit Cost - Without Taxes | J27: Export Tax | K27: Revenue | L27: Profit/Loss | M27: % Profit/Loss | O27: Quality | P27: Price | Q27: Tax | R27: Amount | S27: Gross Value | T27: Total Tax | U27: Net Total
B28: Quality | O28: Raw | Q28: =IF(F24=0,0,(($P$28*'General information'!H32%))) -> 0 | S28: =P28*R28 -> 0 | T28: =IF(R28=0,0,((Weapons!$P$28*'General information'!$H$32%)*R28)) -> 0 | U28: =S28-T28 -> 0
B29: Q1 | E29: =((35*((100+'General information'!$G$20+'General information'!$G$21+'General information'!$G$22)-'General information'!$C$20)/100)*(D29+C29))/100 -> 0 | F29: =((C29*'General information'!$E$30)*0.8+(C29*'General information'!$E$32)*0.2) -> 0 | G29: =D29*'General information'!$C$2 -> 0 | H29: =F29+G29 -> 0 | I29: =IF(ISERROR(H29/E29),0,H29/E29) -> 0 | J29: =IF(E29=0,0,((Weapons!$P$28*'General information'!$H$32%)*E29)) -> 0 | K29: =E29*(Weapons!$P$28-$Q$28) -> 0 | L29: =K29-H29 -> 0 | M29: =IFERROR(IF(ISERROR(K29/H29),0,(K29/H29))-IF((K29/H29)<0,0,1),0) -> 0 | O29: Q1 | Q29: =(P29*'General information'!$H$31%)+(P29*'General information'!$H$32%) -> 0 | S29: =P29*R29 -> 0 | T29: =((P29*'General information'!$H$31%)+(P29*'General information'!$H$32%)*R29) -> 0 | U29: =S29-T29 -> 0
B30: Q2 | E30: =((70*((100+'General information'!$G$20+'General information'!$G$21+'General information'!$G$22)-'General information'!$C$20)/100)*(D30+C30))/100 -> 0 | F30: =((C30*'General information'!$E$30)*0.8+(C30*'General information'!$E$32)*0.2) -> 0 | G30: =D30*'General information'!$C$2 -> 0 | H30: =F30+G30 -> 0 | I30: =IF(ISERROR(H30/E30),0,H30/E30) -> 0 | J30: =IF(E30=0,0,((Weapons!$P$28*'General information'!$H$32%)*E30)) -> 0 | K30: =E30*(Weapons!$P$28-$Q$28) -> 0 | L30: =K30-H30 -> 0 | M30: =IFERROR(IF(ISERROR(K30/H30),0,(K30/H30))-IF((K30/H30)<0,0,1),0) -> 0 | O30: Q2 | Q30: =(P30*'General information'!$H$31%)+(P30*'General information'!$H$32%) -> 0 | S30: =P30*R30 -> 0 | T30: =((P30*'General information'!$H$31%)+(P30*'General information'!$H$32%)*R30) -> 0 | U30: =S30-T30 -> 0
B31: Q3 | E31: =((125*((100+'General information'!$G$20+'General information'!$G$21+'General information'!$G$22)-'General information'!$C$20)/100)*(D31+C31))/100 -> 0 | F31: =((C31*'General information'!$E$30)*0.8+(C31*'General information'!$E$32)*0.2) -> 0 | G31: =D31*'General information'!$C$2 -> 0 | H31: =F31+G31 -> 0 | I31: =IF(ISERROR(H31/E31),0,H31/E31) -> 0 | J31: =IF(E31=0,0,((Weapons!$P$28*'General information'!$H$32%)*E31)) -> 0 | K31: =E31*(Weapons!$P$28-$Q$28) -> 0 | L31: =K31-H31 -> 0 | M31: =IFERROR(IF(ISERROR(K31/H31),0,(K31/H31))-IF((K31/H31)<0,0,1),0) -> 0 | O31: Q3 | Q31: =(P31*'General information'!$H$31%)+(P31*'General information'!$H$32%) -> 0 | S31: =P31*R31 -> 0 | T31: =((P31*'General information'!$H$31%)+(P31*'General information'!$H$32%)*R31) -> 0 | U31: =S31-T31 -> 0
B32: Q4 | E32: =((175*((100+'General information'!$G$20+'General information'!$G$21+'General information'!$G$22)-'General information'!$C$20)/100)*(D32+C32))/100 -> 0 | F32: =((C32*'General information'!$E$30)*0.8+(C32*'General information'!$E$32)*0.2) -> 0 | G32: =D32*'General information'!$C$2 -> 0 | H32: =F32+G32 -> 0 | I32: =IF(ISERROR(H32/E32),0,H32/E32) -> 0 | J32: =IF(E32=0,0,((Weapons!$P$28*'General information'!$H$32%)*E32)) -> 0 | K32: =E32*(Weapons!$P$28-$Q$28) -> 0 | L32: =K32-H32 -> 0 | M32: =IFERROR(IF(ISERROR(K32/H32),0,(K32/H32))-IF((K32/H32)<0,0,1),0) -> 0 | O32: Q4 | Q32: =(P32*'General information'!$H$31%)+(P32*'General information'!$H$32%) -> 0 | S32: =P32*R32 -> 0 | T32: =((P32*'General information'!$H$31%)+(P32*'General information'!$H$32%)*R32) -> 0 | U32: =S32-T32 -> 0
B33: Q5 | E33: =((250*((100+'General information'!$G$20+'General information'!$G$21+'General information'!$G$22)-'General information'!$C$20)/100)*(D33+C33))/100 -> 0 | F33: =((C33*'General information'!$E$30)*0.8+(C33*'General information'!$E$32)*0.2) -> 0 | G33: =D33*'General information'!$C$2 -> 0 | H33: =F33+G33 -> 0 | I33: =IF(ISERROR(H33/E33),0,H33/E33) -> 0 | J33: =IF(E33=0,0,((Weapons!$P$28*'General information'!$H$32%)*E33)) -> 0 | K33: =E33*(Weapons!$P$28-$Q$28) -> 0 | L33: =K33-H33 -> 0 | M33: =IFERROR(IF(ISERROR(K33/H33),0,(K33/H33))-IF((K33/H33)<0,0,1),0) -> 0 | O33: Q5 | Q33: =(P33*'General information'!$H$31%)+(P33*'General information'!$H$32%) -> 0 | S33: =P33*R33 -> 0 | T33: =((P33*'General information'!$H$31%)+(P33*'General information'!$H$32%)*R33) -> 0 | U33: =S33-T33 -> 0
B34: Total | E34: =SUM(E29:E33) -> 0 | F34: =SUM(F29:F33) -> 0 | G34: =SUM(G29:G33) -> 0 | H34: =SUM(H29:H33) -> 0 | I34: =IF(ISERROR(H34/E34),0,H34/E34) -> 0 | J34: =SUM(J29:J33) -> 0 | K34: =SUM(K29:K33) -> 0 | L34: =SUM(L29:L33) -> 0 | O34: Q6 | Q34: =(P34*'General information'!$H$31%)+(P34*'General information'!$H$32%) -> 0 | S34: =P34*R34 -> 0 | T34: =((P34*'General information'!$H$31%)+(P34*'General information'!$H$32%)*R34) -> 0 | U34: =S34-T34 -> 0
O35: Q7 | Q35: =(P35*'General information'!$H$31%)+(P35*'General information'!$H$32%) -> 0 | S35: =P35*R35 -> 0 | T35: =((P35*'General information'!$H$31%)+(P35*'General information'!$H$32%)*R35) -> 0 | U35: =S35-T35 -> 0
B36: Holding 2 | Q36: =SUM(Q28:Q35) -> 0 | S36: =SUM(S28:S35) -> 0 | T36: =SUM(T28:T35) -> 0 | U36: =SUM(U28:U35) -> 0
B37: Raw Material | C37: Manager | D37: Employees | E37: Production | F37: Manager Tax | G37: Total Salaries | H37: Total Cost - Without Taxes | I37: Unit Cost - Without Taxes | J37: Export Tax | K37: Revenue | L37: Profit/Loss | M37: % Profit/Loss
B38: Quality | P38: Raw | Q38: Cost | R38: Average Cost
B39: Q1 | E39: =((35*((100+'General information'!$H$20+'General information'!$H$21+'General information'!$H$22)-'General information'!$D$20)/100)*(D39+C39))/100 -> 0 | F39: =((C39*'General information'!$E$31)*0.8+(C39*'General information'!$E$32)*0.2) -> 0 | G39: =D39*'General information'!$C$2 -> 0 | H39: =F39+G39 -> 0 | I39: =IF(ISERROR(H39/E39),0,H39/E39) -> 0 | J39: =IF(E39=0,0,((Weapons!$P$28*'General information'!$H$32%)*E39)) -> 0 | K39: =E39*(Weapons!$P$28-$Q$28) -> 0 | L39: =K39-H39 -> 0 | M39: =IFERROR(IF(ISERROR(K39/H39),0,(K39/H39))-IF((K39/H39)<0,0,1),0) -> 0 | O39: Production | P39: =E34+E44 -> 0 | Q39: =P39*((I34+I44)/2) -> 0 | R39: =IF(ISERROR(Q39/P39),0,Q39/P39) -> 0
B40: Q2 | E40: =((70*((100+'General information'!$H$20+'General information'!$H$21+'General information'!$H$22)-'General information'!$D$20)/100)*(D40+C40))/100 -> 0 | F40: =((C40*'General information'!$E$31)*0.8+(C40*'General information'!$E$32)*0.2) -> 0 | G40: =D40*'General information'!$C$2 -> 0 | H40: =F40+G40 -> 0 | I40: =IF(ISERROR(H40/E40),0,H40/E40) -> 0 | J40: =IF(E40=0,0,((Weapons!$P$28*'General information'!$H$32%)*E40)) -> 0 | K40: =E40*(Weapons!$P$28-$Q$28) -> 0 | L40: =K40-H40 -> 0 | M40: =IFERROR(IF(ISERROR(K40/F40),0,(K40/F40))-IF((K40/F40)<0,0,1),0) -> 0 | O40: Purchase | P40: =IF(P41>P39,P41-P39,0) -> 0 | Q40: =P28*P40 -> 0 | R40: =IF(ISERROR(Q40/P40),0,Q40/P40) -> 0
B41: Q3 | E41: =((125*((100+'General information'!$H$20+'General information'!$H$21+'General information'!$H$22)-'General information'!$D$20)/100)*(D41+C41))/100 -> 0 | F41: =((C41*'General information'!$E$31)*0.8+(C41*'General information'!$E$32)*0.2) -> 0 | G41: =D41*'General information'!$C$2 -> 0 | H41: =F41+G41 -> 0 | I41: =IF(ISERROR(H41/E41),0,H41/E41) -> 0 | J41: =IF(E41=0,0,((Weapons!$P$28*'General information'!$H$32%)*E41)) -> 0 | K41: =E41*(Weapons!$P$28-$Q$28) -> 0 | L41: =K41-H41 -> 0 | M41: =IFERROR(IF(ISERROR(K41/F41),0,(K41/F41))-IF((K41/F41)<0,0,1),0) -> 0 | O41: Daily use | P41: =F12+F24 -> 0 | Q41: =Q39+Q40 -> 0 | R41: =IF(P41>P39,((P39/P41*R39)+(P40/P41*R40)),R39) -> 0
B42: Q4 | E42: =((175*((100+'General information'!$H$20+'General information'!$H$21+'General information'!$H$22)-'General information'!$D$20)/100)*(D42+C42))/100 -> 0 | F42: =((C42*'General information'!$E$31)*0.8+(C42*'General information'!$E$32)*0.2) -> 0 | G42: =D42*'General information'!$C$2 -> 0 | H42: =F42+G42 -> 0 | I42: =IF(ISERROR(H42/E42),0,H42/E42) -> 0 | J42: =IF(E42=0,0,((Weapons!$P$28*'General information'!$H$32%)*E42)) -> 0 | K42: =E42*(Weapons!$P$28-$Q$28) -> 0 | L42: =K42-H42 -> 0 | M42: =IFERROR(IF(ISERROR(K42/F42),0,(K42/F42))-IF((K42/F42)<0,0,1),0) -> 0 | O42: Surplus / Shortage | P42: =P39-P41 -> 0
B43: Q5 | E43: =((250*((100+'General information'!$H$20+'General information'!$H$21+'General information'!$H$22)-'General information'!$D$20)/100)*(D43+C43))/100 -> 0 | F43: =((C43*'General information'!$E$31)*0.8+(C43*'General information'!$E$32)*0.2) -> 0 | G43: =D43*'General information'!$C$2 -> 0 | H43: =F43+G43 -> 0 | I43: =IF(ISERROR(H43/E43),0,H43/E43) -> 0 | J43: =IF(E43=0,0,((Weapons!$P$28*'General information'!$H$32%)*E43)) -> 0 | K43: =E43*(Weapons!$P$28-$Q$28) -> 0 | L43: =K43-H43 -> 0 | M43: =IFERROR(IF(ISERROR(K43/H43),0,(K43/H43))-IF((K43/H43)<0,0,1),0) -> 0
B44: Total | E44: =SUM(E39:E43) -> 0 | F44: =SUM(F39:F43) -> 0 | G44: =SUM(G39:G43) -> 0 | H44: =SUM(H39:H43) -> 0 | I44: =IF(ISERROR(H44/E44),0,H44/E44) -> 0 | J44: =SUM(J39:J43) -> 0 | K44: =SUM(K39:K43) -> 0 | L44: =SUM(L39:L43) -> 0

Sheet Airplanes
B2: Holding 1
B3: Airplanes | C3: Employees | D3: Production | E3: Raw/Day | F3: Total Salaries | G3: Raw Material Cost | H3: Total Cost - Without Taxes | I3: Unit Cost - Without Taxes | J3: Unit Cost - With Taxes | K3: Revenue | L3: Profit/Loss | M3: % Profit/Loss Per Airplane
B4: Quality
B5: Q1 | D5: =(5*((100+'General information'!$O$7+'General information'!$O$8+'General information'!$O$9)-'General information'!K8)/100)*C5 -> 0 | E5: =(D5*20)/100 -> 0 | F5: =C5*'General information'!$C$2 -> 0 | G5: =E5*Airplanes!$M$24 -> 0 | H5: =F5+G5 -> 0 | I5: =IFERROR((H5)/D5,0) -> 0 | J5: =IF(D5=0,0,I5+$N$25) -> 0 | K5: =($M$25-$N$25)*D5 -> 0 | L5: =K5-H5 -> 0 | M5: =IFERROR((IF(ISERROR(($M$25-$N$25)/I5),0,(($M$25-$N$25)/I5))-IF((($M$25-$N$25)/I5)<0,0,1)),0) -> 0
B6: Q2 | D6: =(5*((100+'General information'!$O$7+'General information'!$O$8+'General information'!$O$9)-'General information'!K9)/100)*C6 -> 0 | E6: =(D6*40)/100 -> 0 | F6: =C6*'General information'!$C$2 -> 0 | G6: =E6*Airplanes!$M$24 -> 0 | H6: =F6+G6 -> 0 | I6: =IFERROR((H6)/D6,0) -> 0 | J6: =IF(D6=0,0,I6+$N$26) -> 0 | K6: =($M$26-$N$26)*D6 -> 0 | L6: =K6-H6 -> 0 | M6: =IFERROR((IF(ISERROR(($M$26-$N$26)/I6),0,(($M$26-$N$26)/I6))-IF((($M$26-$N$26)/I6)<0,0,1)),0) -> 0
B7: Q3 | D7: =(5*((100+'General information'!$O$7+'General information'!$O$8+'General information'!$O$9)-'General information'!K10)/100)*C7 -> 0 | E7: =(D7*60)/100 -> 0 | F7: =C7*'General information'!$C$2 -> 0 | G7: =E7*Airplanes!$M$24 -> 0 | H7: =F7+G7 -> 0 | I7: =IFERROR((H7)/D7,0) -> 0 | J7: =IF(D7=0,0,I7+$N$27) -> 0 | K7: =($M$27-$N$27)*D7 -> 0 | L7: =K7-H7 -> 0 | M7: =IFERROR((IF(ISERROR(($M$27-$N$27)/I7),0,(($M$27-$N$27)/I7))-IF((($M$27-$N$27)/I7)<0,0,1)),0) -> 0
B8: Q4 | D8: =(5*((100+'General information'!$O$7+'General information'!$O$8+'General information'!$O$9)-'General information'!K11)/100)*C8 -> 0 | E8: =(D8*80)/100 -> 0 | F8: =C8*'General information'!$C$2 -> 0 | G8: =E8*Airplanes!$M$24 -> 0 | H8: =F8+G8 -> 0 | I8: =IFERROR((H8)/D8,0) -> 0 | J8: =IF(D8=0,0,I8+$N$28) -> 0 | K8: =($M$28-$N$28)*D8 -> 0 | L8: =K8-H8 -> 0 | M8: =IFERROR((IF(ISERROR(($M$28-$N$28)/I8),0,(($M$28-$N$28)/I8))-IF((($M$28-$N$28)/I8)<0,0,1)),0) -> 0
B9: Q5 | D9: =(5*((100+'General information'!$O$7+'General information'!$O$8+'General information'!$O$9)-'General information'!K12)/100)*C9 -> 0 | E9: =(D9*100)/100 -> 0 | F9: =C9*'General information'!$C$2 -> 0 | G9: =E9*Airplanes!$M$24 -> 0 | H9: =F9+G9 -> 0 | I9: =IFERROR((H9)/D9,0) -> 0 | J9: =IF(D9=0,0,I9+$N$29) -> 0 | K9: =($M$29-$N$29)*D9 -> 0 | L9: =K9-H9 -> 0 | M9: =IFERROR((IF(ISERROR(($M$29-$N$29)/I9),0,(($M$29-$N$29)/I9))-IF((($M$29-$N$29)/I9)<0,0,1)),0) -> 0
B10: Total | E10: =SUM(E5:E9) -> 0 | F10: =SUM(F5:F9) -> 0 | G10: =SUM(G5:G9) -> 0 | H10: =SUM(H5:H9) -> 0 | K10: =SUM(K5:K9) -> 0 | L10: =SUM(L5:L9) -> 0
B12: Holding 2
B13: Airplanes | C13: Employees | D13: Production | E13: Raw/Day | F13: Total Salaries | G13: Raw Material Cost | H13: Total Cost - Without Taxes | I13: Unit Cost - Without Taxes | J13: Unit Cost - With Taxes | K13: Revenue | L13: Profit/Loss | M13: % Profit/Loss Per Airplane
B14: Quality
B15: Q1 | D15: =(5*((100+'General information'!$P$7+'General information'!$P$8+'General information'!$P$9)-'General information'!L8)/100)*C15 -> 0 | E15: =(D15*20)/100 -> 0 | F15: =C15*'General information'!$C$2 -> 0 | G15: =E15*Airplanes!$M$24 -> 0 | H15: =F15+G15 -> 0 | I15: =IFERROR((H15)/D15,0) -> 0 | J15: =IF(D15=0,0,I15+$N$25) -> 0 | K15: =($M$25-$N$25)*D15 -> 0 | L15: =K15-H15 -> 0 | M15: =IFERROR((IF(ISERROR(($M$25-$N$25)/I15),0,(($M$25-$N$25)/I15))-IF((($M$25-$N$25)/I15)<0,0,1)),0) -> 0
B16: Q2 | D16: =(5*((100+'General information'!$P$7+'General information'!$P$8+'General information'!$P$9)-'General information'!L9)/100)*C16 -> 0 | E16: =(D16*40)/100 -> 0 | F16: =C16*'General information'!$C$2 -> 0 | G16: =E16*Airplanes!$M$24 -> 0 | H16: =F16+G16 -> 0 | I16: =IFERROR((H16)/D16,0) -> 0 | J16: =IF(D16=0,0,I16+$N$26) -> 0 | K16: =($M$26-$N$26)*D16 -> 0 | L16: =K16-H16 -> 0 | M16: =IFERROR((IF(ISERROR(($M$26-$N$26)/I16),0,(($M$26-$N$26)/I16))-IF((($M$26-$N$26)/I16)<0,0,1)),0) -> 0
B17: Q3 | D17: =(5*((100+'General information'!$P$7+'General information'!$P$8+'General information'!$P$9)-'General information'!L10)/100)*C17 -> 0 | E17: =(D17*60)/100 -> 0 | F17: =C17*'General information'!$C$2 -> 0 | G17: =E17*Airplanes!$M$24 -> 0 | H17: =F17+G17 -> 0 | I17: =IFERROR((H17)/D17,0) -> 0 | J17: =IF(D17=0,0,I17+$N$27) -> 0 | K17: =($M$27-$N$27)*D17 -> 0 | L17: =K17-H17 -> 0 | M17: =IFERROR((IF(ISERROR(($M$27-$N$27)/I17),0,(($M$27-$N$27)/I17))-IF((($M$27-$N$27)/I17)<0,0,1)),0) -> 0
B18: Q4 | D18: =(5*((100+'General information'!$P$7+'General information'!$P$8+'General information'!$P$9)-'General information'!L11)/100)*C18 -> 0 | E18: =(D18*80)/100 -> 0 | F18: =C18*'General information'!$C$2 -> 0 | G18: =E18*Airplanes!$M$24 -> 0 | H18: =F18+G18 -> 0 | I18: =IFERROR((H18)/D18,0) -> 0 | J18: =IF(D18=0,0,I18+$N$28) -> 0 | K18: =($M$28-$N$28)*D18 -> 0 | L18: =K18-H18 -> 0 | M18: =IFERROR((IF(ISERROR(($M$28-$N$28)/I18),0,(($M$28-$N$28)/I18))-IF((($M$28-$N$28)/I18)<0,0,1)),0) -> 0
B19: Q5 | D19: =(5*((100+'General information'!$P$7+'General information'!$P$8+'General information'!$P$9)-'General information'!L12)/100)*C19 -> 0 | E19: =(D19*100)/100 -> 0 | F19: =C19*'General information'!$C$2 -> 0 | G19: =E19*Airplanes!$M$24 -> 0 | H19: =F19+G19 -> 0 | I19: =IFERROR((H19)/D19,0) -> 0 | J19: =IF(D19=0,0,I19+$N$29) -> 0 | K19: =($M$29-$N$29)*D19 -> 0 | L19: =K19-H19 -> 0 | M19: =IFERROR((IF(ISERROR(($M$29-$N$29)/I19),0,(($M$29-$N$29)/I19))-IF((($M$29-$N$29)/I19)<0,0,1)),0) -> 0
B20: Total | E20: =SUM(E15:E19) -> 0 | F20: =SUM(F15:F19) -> 0 | G20: =SUM(G15:G19) -> 0 | H20: =SUM(H15:H19) -> 0 | K20: =SUM(K15:K19) -> 0 | L20: =SUM(L15:L19) -> 0
B22: Holding 1 | L22: Stock - Airplanes
B23: Raw Material | C23: Employees | D23: Production | E23: Total Salaries | F23: Unit Cost - Without Taxes | G23: Revenue | H23: Export Tax | I23: Profit/Loss | J23: % Profit/Loss | L23: Quality | M23: Price | N23: Tax | O23: Amount | P23: Gross Value | Q23: Total Tax | R23: Net Total
B24: Quality | L24: Raw | N24: =M24*'General information'!$P$14% -> 0 | P24: =M24*O24 -> 0 | Q24: =O24*N24 -> 0 | R24: =P24-Q24 -> 0
B25: Q1 | D25: =((35*((100+'General information'!$O$7+'General information'!$O$8+'General information'!$O$9)-'General information'!$K$7)/100)*C25)/100 -> 0 | E25: =C25*'General information'!$C$2 -> 0 | F25: =IF(ISERROR(E25/D25),0,E25/D25) -> 0 | G25: =D25*(Airplanes!$M$24-$N$24) -> 0 | H25: =IF(D25=0,0,(($M$24*'General information'!$P$14%)*D25)) -> 0 | I25: =G25-E25 -> 0 | J25: =IFERROR(IF(ISERROR(G25/((E25+H25))),0,(G25/(E25+H25)))-IF((G25/(E25+H25))<0,0,1),0) -> 0 | L25: Q1 | N25: =(M25*'General information'!$P$13%)+(M25*'General information'!$P$14%) -> 0 | P25: =M25*O25 -> 0 | Q25: =((M25*'General information'!$P$13%)+(M25*'General information'!V34%))*O25 -> 0 | R25: =P25-Q25 -> 0
B26: Q2 | D26: =((70*((100+'General information'!$O$7+'General information'!$O$8+'General information'!$O$9)-'General information'!$K$7)/100)*C26)/100 -> 0 | E26: =C26*'General information'!$C$2 -> 0 | F26: =IF(ISERROR(E26/D26),0,E26/D26) -> 0 | G26: =D26*(Airplanes!$M$24-$N$24) -> 0 | H26: =IF(D26=0,0,(($M$24*'General information'!$P$14%)*D26)) -> 0 | I26: =G26-E26 -> 0 | J26: =IFERROR(IF(ISERROR(G26/((E26+H26))),0,(G26/(E26+H26)))-IF((G26/(E26+H26))<0,0,1),0) -> 0 | L26: Q2 | N26: =(M26*'General information'!$P$13%)+(M26*'General information'!$P$14%) -> 0 | P26: =M26*O26 -> 0 | Q26: =((M26*'General information'!$P$13%)+(M26*'General information'!V35%))*O26 -> 0 | R26: =P26-Q26 -> 0
B27: Q3 | D27: =((125*((100+'General information'!$O$7+'General information'!$O$8+'General information'!$O$9)-'General information'!$K$7)/100)*C27)/100 -> 0 | E27: =C27*'General information'!$C$2 -> 0 | F27: =IF(ISERROR(E27/D27),0,E27/D27) -> 0 | G27: =D27*(Airplanes!$M$24-$N$24) -> 0 | H27: =IF(D27=0,0,(($M$24*'General information'!$P$14%)*D27)) -> 0 | I27: =G27-E27 -> 0 | J27: =IFERROR(IF(ISERROR(G27/((E27+H27))),0,(G27/(E27+H27)))-IF((G27/(E27+H27))<0,0,1),0) -> 0 | L27: Q3 | N27: =(M27*'General information'!$P$13%)+(M27*'General information'!$P$14%) -> 0 | P27: =M27*O27 -> 0 | Q27: =((M27*'General information'!$P$13%)+(M27*'General information'!V36%))*O27 -> 0 | R27: =P27-Q27 -> 0
B28: Q4 | D28: =((175*((100+'General information'!$O$7+'General information'!$O$8+'General information'!$O$9)-'General information'!$K$7)/100)*C28)/100 -> 0 | E28: =C28*'General information'!$C$2 -> 0 | F28: =IF(ISERROR(E28/D28),0,E28/D28) -> 0 | G28: =D28*(Airplanes!$M$24-$N$24) -> 0 | H28: =IF(D28=0,0,(($M$24*'General information'!$P$14%)*D28)) -> 0 | I28: =G28-E28 -> 0 | J28: =IFERROR(IF(ISERROR(G28/((E28+H28))),0,(G28/(E28+H28)))-IF((G28/(E28+H28))<0,0,1),0) -> 0 | L28: Q4 | N28: =(M28*'General information'!$P$13%)+(M28*'General information'!$P$14%) -> 0 | P28: =M28*O28 -> 0 | Q28: =((M28*'General information'!$P$13%)+(M28*'General information'!V37%))*O28 -> 0 | R28: =P28-Q28 -> 0
B29: Q5 | D29: =((250*((100+'General information'!$O$7+'General information'!$O$8+'General information'!$O$9)-'General information'!$K$7)/100)*C29)/100 -> 0 | E29: =C29*'General information'!$C$2 -> 0 | F29: =IF(ISERROR(E29/D29),0,E29/D29) -> 0 | G29: =D29*(Airplanes!$M$24-$N$24) -> 0 | H29: =IF(D29=0,0,(($M$24*'General information'!$P$14%)*D29)) -> 0 | I29: =G29-E29 -> 0 | J29: =IFERROR(IF(ISERROR(G29/((E29+H29))),0,(G29/(E29+H29)))-IF((G29/(E29+H29))<0,0,1),0) -> 0 | L29: Q5 | N29: =(M29*'General information'!$P$13%)+(M29*'General information'!$P$14%) -> 0 | P29: =M29*O29 -> 0 | Q29: =((M29*'General information'!$P$13%)+(M29*'General information'!V38%))*O29 -> 0 | R29: =P29-Q29 -> 0
B30: Total | D30: =SUM(D25:D29) -> 0 | E30: =SUM(E25:E29) -> 0 | F30: =IF(ISERROR(E30/D30),0,E30/D30) -> 0 | G30: =SUM(G25:G29) -> 0 | H30: =SUM(H25:H29) -> 0 | I30: =SUM(I25:I29) -> 0 | N30: =SUM(N24:N29) -> 0 | P30: =SUM(P24:P29) -> 0 | Q30: =SUM(Q24:Q29) -> 0 | R30: =SUM(R24:R29) -> 0
B32: Holding 2 | M32: Raw | N32: Cost | O32: Average Cost
B33: Raw Material | C33: Employees | D33: Production | E33: Total Salaries | F33: Unit Cost - Without Taxes | G33: Revenue | H33: Export Tax | I33: Profit/Loss | J33: % Profit/Loss | L33: Production | M33: =D30+D40 -> 0 | N33: =M33*((F30+F40)/2) -> 0 | O33: =IF(ISERROR(N33/M33),0,N33/M33) -> 0
B34: Quality | L34: Purchase | M34: =IF(M35>M33,M35-M33,0) -> 0 | N34: =M24*M34 -> 0 | O34: =IF(ISERROR(N34/M34),0,N34/M34) -> 0
B35: Q1 | D35: =((35*((100+'General information'!$P$7+'General information'!$P$8+'General information'!$P$9)-'General information'!$L$7)/100)*C35)/100 -> 0 | E35: =C35*'General information'!$C$2 -> 0 | F35: =IF(ISERROR(E35/D35),0,E35/D35) -> 0 | G35: =D35*Airplanes!$M$24 -> 0 | H35: =IF(D35=0,0,(($M$24*'General information'!$P$14%)*D35)) -> 0 | I35: =G35-(E35+H35) -> 0 | J35: =IFERROR(IF(ISERROR(G35/((E35+H35))),0,(G35/(E35+H35)))-IF((G35/(E35+H35))<0,0,1),0) -> 0 | L35: Daily use | M35: =E10+E20 -> 0 | N35: =N33+N34 -> 0 | O35: =IF(M35>M33,((M33/M35*O33)+(M34/M35*O34)),O33) -> 0
B36: Q2 | D36: =((70*((100+'General information'!$P$7+'General information'!$P$8+'General information'!$P$9)-'General information'!$L$7)/100)*C36)/100 -> 0 | E36: =C36*'General information'!$C$2 -> 0 | F36: =IF(ISERROR(E36/D36),0,E36/D36) -> 0 | G36: =D36*Airplanes!$M$24 -> 0 | H36: =IF(D36=0,0,(($M$24*'General information'!$P$14%)*D36)) -> 0 | I36: =G36-(E36+H36) -> 0 | J36: =IFERROR(IF(ISERROR(G36/((E36+H36))),0,(G36/(E36+H36)))-IF((G36/(E36+H36))<0,0,1),0) -> 0 | L36: Surplus / Shortage | M36: =M33-M35 -> 0
B37: Q3 | D37: =((125*((100+'General information'!$P$7+'General information'!$P$8+'General information'!$P$9)-'General information'!$L$7)/100)*C37)/100 -> 0 | E37: =C37*'General information'!$C$2 -> 0 | F37: =IF(ISERROR(E37/D37),0,E37/D37) -> 0 | G37: =D37*Airplanes!$M$24 -> 0 | H37: =IF(D37=0,0,(($M$24*'General information'!$P$14%)*D37)) -> 0 | I37: =G37-(E37+H37) -> 0 | J37: =IFERROR(IF(ISERROR(G37/((E37+H37))),0,(G37/(E37+H37)))-IF((G37/(E37+H37))<0,0,1),0) -> 0
B38: Q4 | D38: =((175*((100+'General information'!$P$7+'General information'!$P$8+'General information'!$P$9)-'General information'!$L$7)/100)*C38)/100 -> 0 | E38: =C38*'General information'!$C$2 -> 0 | F38: =IF(ISERROR(E38/D38),0,E38/D38) -> 0 | G38: =D38*Airplanes!$M$24 -> 0 | H38: =IF(D38=0,0,(($M$24*'General information'!$P$14%)*D38)) -> 0 | I38: =G38-(E38+H38) -> 0 | J38: =IFERROR(IF(ISERROR(G38/((E38+H38))),0,(G38/(E38+H38)))-IF((G38/(E38+H38))<0,0,1),0) -> 0
B39: Q5 | D39: =((250*((100+'General information'!$P$7+'General information'!$P$8+'General information'!$P$9)-'General information'!$L$7)/100)*C39)/100 -> 0 | E39: =C39*'General information'!$C$2 -> 0 | F39: =IF(ISERROR(E39/D39),0,E39/D39) -> 0 | G39: =D39*Airplanes!$M$24 -> 0 | H39: =IF(D39=0,0,(($M$24*'General information'!$P$14%)*D39)) -> 0 | I39: =G39-(E39+H39) -> 0 | J39: =IFERROR(IF(ISERROR(G39/((E39+H39))),0,(G39/(E39+H39)))-IF((G39/(E39+H39))<0,0,1),0) -> 0
B40: Total | D40: =SUM(D35:D39) -> 0 | E40: =SUM(E35:E39) -> 0 | F40: =IF(ISERROR(E40/D40),0,E40/D40) -> 0 | G40: =SUM(G35:G39) -> 0 | H40: =SUM(H35:H39) -> 0 | I40: =SUM(I35:I39) -> 0

Sheet Food
B2: Holding 1
B3: Food | C3: Manager | D3: Employees | E3: Production | F3: Raw/Day | G3: Total Salaries | H3: Manager Tax | I3: Raw Material Cost | J3: Total Cost - Without Taxes | K3: Unit Cost - Without Taxes | L3: Unit Cost - With Taxes | M3: Revenue | N3: Profit/Loss | O3: % Profit/Loss Per Food
B4: Quality
B5: Q1 | E5: =(D5+C5)*(100*((100+'General information'!$O$20+'General information'!$O$21+'General information'!O22)-'General information'!K21)/100) -> 0 | F5: =(E5*1)/100 -> 0 | G5: =D5*'General information'!$C$2 -> 0 | H5: =(('General information'!$M$30*C5)*0.8+('General information'!$M$32*C5)*0.2) -> 0 | I5: =F5*$P$28 -> 0 | J5: =G5+I5+H5 -> 0 | K5: =IF(ISERROR((J5/E5)),0,((J5/E5))) -> 0 | L5: =IF(E5=0,0,K5+$Q$29) -> 0 | M5: =(E5*($P$29-$Q$29)) -> 0 | N5: =M5-J5 -> 0 | O5: =IF(E5=0,0,(IF((ISERROR((($P$29-$Q$29)/K5))),0,(($P$29-$Q$29))/K5)-1)) -> 0
B6: Q2 | E6: =(D6+C6)*(100*((100+'General information'!$O$20+'General information'!$O$21+'General information'!O23)-'General information'!K22)/100) -> 0 | F6: =(E6*2)/100 -> 0 | G6: =D6*'General information'!$C$2 -> 0 | H6: =(('General information'!$M$30*C6)*0.8+('General information'!$M$32*C6)*0.2) -> 0 | I6: =F6*$P$28 -> 0 | J6: =G6+I6+H6 -> 0 | K6: =IF(ISERROR((J6/E6)),0,((J6/E6))) -> 0 | L6: =IF(E6=0,0,K6+$Q$30) -> 0 | M6: =(E6*($P$30-$Q$30)) -> 0 | N6: =M6-J6 -> 0 | O6: =IF(E6=0,0,(IF((ISERROR((($P$30-$Q$30)/K6))),0,(($P$30-$Q$30))/K6)-1)) -> 0
B7: Q3 | E7: =(D7+C7)*(100*((100+'General information'!$O$20+'General information'!$O$21+'General information'!O24)-'General information'!K23)/100) -> 0 | F7: =(E7*3)/100 -> 0 | G7: =D7*'General information'!$C$2 -> 0 | H7: =(('General information'!$M$30*C7)*0.8+('General information'!$M$32*C7)*0.2) -> 0 | I7: =F7*$P$28 -> 0 | J7: =G7+I7+H7 -> 0 | K7: =IF(ISERROR((J7/E7)),0,((J7/E7))) -> 0 | L7: =IF(E7=0,0,K7+$Q$31) -> 0 | M7: =(E7*($P$31-$Q$31)) -> 0 | N7: =M7-J7 -> 0 | O7: =IF(E7=0,0,(IF((ISERROR((($P$31-$Q$31)/K7))),0,(($P$31-$Q$31))/K7)-1)) -> 0
B8: Q4 | E8: =(D8+C8)*(100*((100+'General information'!$O$20+'General information'!$O$21+'General information'!O25)-'General information'!K24)/100) -> 0 | F8: =(E8*4)/100 -> 0 | G8: =D8*'General information'!$C$2 -> 0 | H8: =(('General information'!$M$30*C8)*0.8+('General information'!$M$32*C8)*0.2) -> 0 | I8: =F8*$P$28 -> 0 | J8: =G8+I8+H8 -> 0 | K8: =IF(ISERROR((J8/E8)),0,((J8/E8))) -> 0 | L8: =IF(E8=0,0,K8+$Q$32) -> 0 | M8: =(E8*($P$32-$Q$32)) -> 0 | N8: =M8-J8 -> 0 | O8: =IF(E8=0,0,(IF((ISERROR((($P$32-$Q$32)/K8))),0,(($P$32-$Q$32))/K8)-1)) -> 0
B9: Q5 | E9: =(D9+C9)*(100*((100+'General information'!$O$20+'General information'!$O$21+'General information'!O26)-'General information'!K25)/100) -> 0 | F9: =(E9*5)/100 -> 0 | G9: =D9*'General information'!$C$2 -> 0 | H9: =(('General information'!$M$30*C9)*0.8+('General information'!$M$32*C9)*0.2) -> 0 | I9: =F9*$P$28 -> 0 | J9: =G9+I9+H9 -> 0 | K9: =IF(ISERROR((J9/E9)),0,((J9/E9))) -> 0 | L9: =IF(E9=0,0,K9+$Q$33) -> 0 | M9: =(E9*($P$33-$Q$33)) -> 0 | N9: =M9-J9 -> 0 | O9: =IF(E9=0,0,(IF((ISERROR((($P$33-$Q$33)/K9))),0,(($P$33-$Q$33))/K9)-1)) -> 0
B10: Q6 | E10: =(D10+C10)*(100*((100+'General information'!$O$20+'General information'!$O$21+'General information'!O27)-'General information'!K26)/100) -> 0 | F10: =(E10*6)/100 -> 0 | G10: =D10*'General information'!$C$2 -> 0 | H10: =(('General information'!$M$30*C10)*0.8+('General information'!$M$32*C10)*0.2) -> 0 | I10: =F10*$P$28 -> 0 | J10: =G10+I10+H10 -> 0 | K10: =IF(ISERROR((J10/E10)),0,((J10/E10))) -> 0 | L10: =IF(E10=0,0,K10+$Q$34) -> 0 | M10: =(E10*($P$34-$Q$34)) -> 0 | N10: =M10-J10 -> 0 | O10: =IF(E10=0,0,(IF((ISERROR((($P$34-$Q$34)/K10))),0,(($P$34-$Q$34))/K10)-1)) -> 0
B11: Q7 | E11: =(D11+C11)*(100*((100+'General information'!$O$20+'General information'!$O$21+'General information'!O28)-'General information'!K27)/100) -> 0 | F11: =(E11*20)/100 -> 0 | G11: =D11*'General information'!$C$2 -> 0 | H11: =(('General information'!$M$30*C11)*0.8+('General information'!$M$32*C11)*0.2) -> 0 | I11: =F11*$P$28 -> 0 | J11: =G11+I11+H11 -> 0 | K11: =IF(ISERROR((J11/E11)),0,((J11/E11))) -> 0 | L11: =IF(E11=0,0,K11+$Q$35) -> 0 | M11: =(E11*($P$35-$Q$35)) -> 0 | N11: =M11-J11 -> 0 | O11: =IF(E11=0,0,(IF((ISERROR((($P$35-$Q$35)/K11))),0,(($P$35-$Q$35))/K11)-1)) -> 0
B12: Total | F12: =SUM(F5:F11) -> 0 | G12: =SUM(G5:G11) -> 0 | H12: =SUM(H5:H11) -> 0 | I12: =SUM(I5:I11) -> 0 | J12: =SUM(J5:J11) -> 0 | M12: =SUM(M5:M11) -> 0 | N12: =SUM(N5:N11) -> 0
B14: Holding 2
B15: Food | C15: Manager | D15: Employees | E15: Production | F15: Raw/Day | G15: Total Salaries | H15: Manager Tax | I15: Raw Material Cost | J15: Total Cost - Without Taxes | K15: Unit Cost - Without Taxes | L15: Unit Cost - With Taxes | M15: Revenue | N15: Profit/Loss | O15: % Profit/Loss Per Food
B16: Quality
B17: Q1 | E17: =(D17+C17)*(100*((100+'General information'!$P$20+'General information'!$P$21+'General information'!$P$22)-'General information'!L21)/100) -> 0 | F17: =(E17*1)/100 -> 0 | G17: =D17*'General information'!$C$2 -> 0 | H17: =(('General information'!$M$31*C17)*0.8+('General information'!$M$32*C17)*0.2) -> 0 | I17: =F17*$P$28 -> 0 | J17: =G17+I17+H17 -> 0 | K17: =IF(ISERROR((J17/E17)),0,((J17/E17))) -> 0 | L17: =IF(E17=0,0,K17+$Q$29) -> 0 | M17: =(E17*($P$29-$Q$29)) -> 0 | N17: =M17-J17 -> 0 | O17: =IF(E17=0,0,(IF((ISERROR((($P$29-$Q$29)/K17))),0,(($P$29-$Q$29))/K17)-1)) -> 0
B18: Q2 | E18: =(D18+C18)*(100*((100+'General information'!$P$20+'General information'!$P$21+'General information'!$P$22)-'General information'!L22)/100) -> 0 | F18: =(E18*2)/100 -> 0 | G18: =D18*'General information'!$C$2 -> 0 | H18: =(('General information'!$M$31*C18)*0.8+('General information'!$M$32*C18)*0.2) -> 0 | I18: =F18*$P$28 -> 0 | J18: =G18+I18+H18 -> 0 | K18: =IF(ISERROR((J18/E18)),0,((J18/E18))) -> 0 | L18: =IF(E18=0,0,K18+$Q$30) -> 0 | M18: =(E18*($P$30-$Q$30)) -> 0 | N18: =M18-J18 -> 0 | O18: =IF(E18=0,0,(IF((ISERROR((($P$30-$Q$30)/K18))),0,(($P$30-$Q$30))/K18)-1)) -> 0
B19: Q3 | E19: =(D19+C19)*(100*((100+'General information'!$P$20+'General information'!$P$21+'General information'!$P$22)-'General information'!L23)/100) -> 0 | F19: =(E19*3)/100 -> 0 | G19: =D19*'General information'!$C$2 -> 0 | H19: =(('General information'!$M$31*C19)*0.8+('General information'!$M$32*C19)*0.2) -> 0 | I19: =F19*$P$28 -> 0 | J19: =G19+I19+H19 -> 0 | K19: =IF(ISERROR((J19/E19)),0,((J19/E19))) -> 0 | L19: =IF(E19=0,0,K19+$Q$31) -> 0 | M19: =(E19*($P$31-$Q$31)) -> 0 | N19: =M19-J19 -> 0 | O19: =IF(E19=0,0,(IF((ISERROR((($P$31-$Q$31)/K19))),0,(($P$31-$Q$31))/K19)-1)) -> 0
B20: Q4 | E20: =(D20+C20)*(100*((100+'General information'!$P$20+'General information'!$P$21+'General information'!$P$22)-'General information'!L24)/100) -> 0 | F20: =(E20*4)/100 -> 0 | G20: =D20*'General information'!$C$2 -> 0 | H20: =(('General information'!$M$31*C20)*0.8+('General information'!$M$32*C20)*0.2) -> 0 | I20: =F20*$P$28 -> 0 | J20: =G20+I20+H20 -> 0 | K20: =IF(ISERROR((J20/E20)),0,((J20/E20))) -> 0 | L20: =IF(E20=0,0,K20+$Q$32) -> 0 | M20: =(E20*($P$32-$Q$32)) -> 0 | N20: =M20-J20 -> 0 | O20: =IF(E20=0,0,(IF((ISERROR((($P$32-$Q$32)/K20))),0,(($P$32-$Q$32))/K20)-1)) -> 0
B21: Q5 | E21: =(D21+C21)*(100*((100+'General information'!$P$20+'General information'!$P$21+'General information'!$P$22)-'General information'!L25)/100) -> 0 | F21: =(E21*5)/100 -> 0 | G21: =D21*'General information'!$C$2 -> 0 | H21: =(('General information'!$M$31*C21)*0.8+('General information'!$M$32*C21)*0.2) -> 0 | I21: =F21*$P$28 -> 0 | J21: =G21+I21+H21 -> 0 | K21: =IF(ISERROR((J21/E21)),0,((J21/E21))) -> 0 | L21: =IF(E21=0,0,K21+$Q$33) -> 0 | M21: =(E21*($P$33-$Q$33)) -> 0 | N21: =M21-J21 -> 0 | O21: =IF(E21=0,0,(IF((ISERROR((($P$33-$Q$33)/K21))),0,(($P$33-$Q$33))/K21)-1)) -> 0
B22: Q6 | E22: =(D22+C22)*(100*((100+'General information'!$P$20+'General information'!$P$21+'General information'!$P$22)-'General information'!L26)/100) -> 0 | F22: =(E22*6)/100 -> 0 | G22: =D22*'General information'!$C$2 -> 0 | H22: =(('General information'!$M$31*C22)*0.8+('General information'!$M$32*C22)*0.2) -> 0 | I22: =F22*$P$28 -> 0 | J22: =G22+I22+H22 -> 0 | K22: =IF(ISERROR((J22/E22)),0,((J22/E22))) -> 0 | L22: =IF(E22=0,0,K22+$Q$34) -> 0 | M22: =(E22*($P$34-$Q$34)) -> 0 | N22: =M22-J22 -> 0 | O22: =IF(E22=0,0,(IF((ISERROR((($P$34-$Q$34)/K22))),0,(($P$34-$Q$34))/K22)-1)) -> 0
B23: Q7 | E23: =(D23+C23)*(100*((100+'General information'!$P$20+'General information'!$P$21+'General information'!$P$22)-'General information'!L27)/100) -> 0 | F23: =(E23*20)/100 -> 0 | G23: =D23*'General information'!$C$2 -> 0 | H23: =(('General information'!$M$31*C23)*0.8+('General information'!$M$32*C23)*0.2) -> 0 | I23: =F23*$P$28 -> 0 | J23: =G23+I23+H23 -> 0 | K23: =IF(ISERROR((J23/E23)),0,((J23/E23))) -> 0 | L23: =IF(E23=0,0,K23+$Q$35) -> 0 | M23: =(E23*($P$35-$Q$35)) -> 0 | N23: =M23-J23 -> 0 | O23: =IF(E23=0,0,(IF((ISERROR((($P$35-$Q$35)/K23))),0,(($P$35-$Q$35))/K23)-1)) -> 0
B24: Total | F24: =SUM(F17:F23) -> 0 | G24: =SUM(G17:G23) -> 0 | H24: =SUM(H17:H23) -> 0 | I24: =SUM(I17:I23) -> 0 | J24: =SUM(J17:J23) -> 0 | M24: =SUM(M17:M23) -> 0 | N24: =SUM(N17:N23) -> 0
B26: Holding 1 | O26: Stock - Food
B27: Raw Material | C27: Manager | D27: Employees | E27: Production | F27: Manager Tax | G27: Total Salaries | H27: Total Cost - Without Taxes | I27: Unit Cost - Without Taxes | J27: Unit Cost - With Taxes | K27: Revenue | L27: Profit/Loss | M27: % Profit/Loss | O27: Quality | P27: Price | Q27: Tax | R27: Amount | S27: Gross Value | T27: Total Tax | U27: Net Total
B28: Quality | O28: Raw | Q28: =IF(P28=0,0,(Food!$P$28*'General information'!$P$32%)) -> 0 | S28: =P28*R28 -> 0 | T28: =Q28*R28 -> 0 | U28: =S28-T28 -> 0
B29: Q1 | E29: =((35*((100+'General information'!$O$20+'General information'!$O$21+'General information'!$O$22)-'General information'!$K$20)/100)*(D29+C29))/100 -> 0 | F29: =(('General information'!$M$30*C29)*0.8+('General information'!$M$32*C29)*0.2) -> 0 | G29: =D29*'General information'!$C$2 -> 0 | H29: =F29+G29 -> 0 | I29: =IF(ISERROR(H29/E29),0,H29/E29) -> 0 | J29: =IF(E29=0,0,I29+$Q$28) -> 0 | K29: =E29*(Food!$P$28-$Q$28) -> 0 | L29: =K29-H29 -> 0 | M29: =IF(E29=0,0,(IF((ISERROR((($P$28-$Q$28)/I29))),0,(($P$28-$Q$28))/I29)-1)) -> 0 | O29: Q1 | Q29: =($P$29*'General information'!$P$31%)+($P$29*'General information'!$P$32%) -> 0 | S29: =P29*R29 -> 0 | T29: =Q29*R29 -> 0 | U29: =S29-T29 -> 0
B30: Q2 | E30: =((70*((100+'General information'!$O$20+'General information'!$O$21+'General information'!$O$22)-'General information'!$K$20)/100)*(D30+C30))/100 -> 0 | F30: =(('General information'!$M$30*C30)*0.8+('General information'!$M$32*C30)*0.2) -> 0 | G30: =D30*'General information'!$C$2 -> 0 | H30: =F30+G30 -> 0 | I30: =IF(ISERROR(H30/E30),0,H30/E30) -> 0 | J30: =IF(E30=0,0,I30+$Q$28) -> 0 | K30: =E30*(Food!$P$28-$Q$28) -> 0 | L30: =K30-H30 -> 0 | M30: =IF(E30=0,0,(IF((ISERROR((($P$28-$Q$28)/I30))),0,(($P$28-$Q$28))/I30)-1)) -> 0 | O30: Q2 | Q30: =($P$30*'General information'!$P$31%)+($P$30*'General information'!$P$32%) -> 0 | S30: =P30*R30 -> 0 | T30: =Q30*R30 -> 0 | U30: =S30-T30 -> 0
B31: Q3 | E31: =((125*((100+'General information'!$O$20+'General information'!$O$21+'General information'!$O$22)-'General information'!$K$20)/100)*(D31+C31))/100 -> 0 | F31: =(('General information'!$M$30*C31)*0.8+('General information'!$M$32*C31)*0.2) -> 0 | G31: =D31*'General information'!$C$2 -> 0 | H31: =F31+G31 -> 0 | I31: =IF(ISERROR(H31/E31),0,H31/E31) -> 0 | J31: =IF(E31=0,0,I31+$Q$28) -> 0 | K31: =E31*(Food!$P$28-$Q$28) -> 0 | L31: =K31-H31 -> 0 | M31: =IF(E31=0,0,(IF((ISERROR((($P$28-$Q$28)/I31))),0,(($P$28-$Q$28))/I31)-1)) -> 0 | O31: Q3 | Q31: =($P$31*'General information'!$P$31%)+($P$31*'General information'!$P$32%) -> 0 | S31: =P31*R31 -> 0 | T31: =Q31*R31 -> 0 | U31: =S31-T31 -> 0
B32: Q4 | E32: =((175*((100+'General information'!$O$20+'General information'!$O$21+'General information'!$O$22)-'General information'!$K$20)/100)*(D32+C32))/100 -> 0 | F32: =(('General information'!$M$30*C32)*0.8+('General information'!$M$32*C32)*0.2) -> 0 | G32: =D32*'General information'!$C$2 -> 0 | H32: =F32+G32 -> 0 | I32: =IF(ISERROR(H32/E32),0,H32/E32) -> 0 | J32: =IF(E32=0,0,I32+$Q$28) -> 0 | K32: =E32*(Food!$P$28-$Q$28) -> 0 | L32: =K32-H32 -> 0 | M32: =IF(E32=0,0,(IF((ISERROR((($P$28-$Q$28)/I32))),0,(($P$28-$Q$28))/I32)-1)) -> 0 | O32: Q4 | Q32: =($P$32*'General information'!$P$31%)+($P$32*'General information'!$P$32%) -> 0 | S32: =P32*R32 -> 0 | T32: =Q32*R32 -> 0 | U32: =S32-T32 -> 0
B33: Q5 | E33: =((250*((100+'General information'!$O$20+'General information'!$O$21+'General information'!$O$22)-'General information'!$K$20)/100)*(D33+C33))/100 -> 0 | F33: =(('General information'!$M$30*C33)*0.8+('General information'!$M$32*C33)*0.2) -> 0 | G33: =D33*'General information'!$C$2 -> 0 | H33: =F33+G33 -> 0 | I33: =IF(ISERROR(H33/E33),0,H33/E33) -> 0 | J33: =IF(E33=0,0,I33+$Q$28) -> 0 | K33: =E33*(Food!$P$28-$Q$28) -> 0 | L33: =K33-H33 -> 0 | M33: =IF(E33=0,0,(IF((ISERROR((($P$28-$Q$28)/I33))),0,(($P$28-$Q$28))/I33)-1)) -> 0 | O33: Q5 | Q33: =($P$33*'General information'!$P$31%)+($P$33*'General information'!$P$32%) -> 0 | S33: =P33*R33 -> 0 | T33: =Q33*R33 -> 0 | U33: =S33-T33 -> 0
B34: Total | E34: =SUM(E29:E33) -> 0 | F34: =SUM(F29:F33) -> 0 | G34: =SUM(G29:G33) -> 0 | H34: =SUM(H29:H33) -> 0 | I34: =AVERAGE(I29:I33) -> 0 | J34: =AVERAGE(J29:J33) -> 0 | K34: =SUM(K29:K33) -> 0 | L34: =SUM(L29:L33) -> 0 | O34: Q6 | Q34: =($P$34*'General information'!$P$31%)+($P$34*'General information'!$P$32%) -> 0 | S34: =P34*R34 -> 0 | T34: =Q34*R34 -> 0 | U34: =S34-T34 -> 0
O35: Q7 | Q35: =($P$35*'General information'!$P$31%)+($P$35*'General information'!$P$32%) -> 0 | S35: =P35*R35 -> 0 | T35: =Q35*R35 -> 0 | U35: =S35-T35 -> 0
B36: Holding 2 | Q36: =SUM(Q29:Q35) -> 0 | S36: =SUM(S28:S35) -> 0 | T36: =SUM(T28:T35) -> 0 | U36: =SUM(U28:U35) -> 0
B37: Raw Material | C37: Manager | D37: Employees | E37: Production | F37: Manager Tax | G37: Total Salaries | H37: Total Cost - Without Taxes | I37: Unit Cost - Without Taxes | J37: Unit Cost - With Taxes | K37: Revenue | L37: Profit/Loss | M37: % Profit/Loss
B38: Quality
B39: Q1 | E39: =((35*((100+'General information'!$P$20+'General information'!$P$21+'General information'!$P$22)-'General information'!$L$20)/100)*(D39+C39))/100 -> 0 | F39: =(('General information'!$M$31*C39)*0.8+('General information'!$M$32*C39)*0.2) -> 0 | G39: =D39*'General information'!$C$2 -> 0 | H39: =F39+G39 -> 0 | I39: =IF(ISERROR(H39/E39),0,H39/E39) -> 0 | J39: =IF(E39=0,0,I39+$Q$28) -> 0 | K39: =E39*(Food!$P$28-$Q$28) -> 0 | L39: =K39-H39 -> 0 | M39: =IF(E39=0,0,(IF((ISERROR((($P$28-$Q$28)/I39))),0,(($P$28-$Q$28))/I39)-1)) -> 0
B40: Q2 | E40: =((70*((100+'General information'!$P$20+'General information'!$P$21+'General information'!$P$22)-'General information'!$L$20)/100)*(D40+C40))/100 -> 0 | F40: =(('General information'!$M$31*C40)*0.8+('General information'!$M$32*C40)*0.2) -> 0 | G40: =D40*'General information'!$C$2 -> 0 | H40: =F40+G40 -> 0 | I40: =IF(ISERROR(H40/E40),0,H40/E40) -> 0 | J40: =IF(E40=0,0,I40+$Q$28) -> 0 | K40: =E40*(Food!$P$28-$Q$28) -> 0 | L40: =K40-H40 -> 0 | M40: =IF(E40=0,0,(IF((ISERROR((($P$28-$Q$28)/I40))),0,(($P$28-$Q$28))/I40)-1)) -> 0 | P40: Raw | Q40: Cost | R40: Average Cost
B41: Q3 | E41: =((125*((100+'General information'!$P$20+'General information'!$P$21+'General information'!$P$22)-'General information'!$L$20)/100)*(D41+C41))/100 -> 0 | F41: =(('General information'!$M$31*C41)*0.8+('General information'!$M$32*C41)*0.2) -> 0 | G41: =D41*'General information'!$C$2 -> 0 | H41: =F41+G41 -> 0 | I41: =IF(ISERROR(H41/E41),0,H41/E41) -> 0 | J41: =IF(E41=0,0,I41+$Q$28) -> 0 | K41: =E41*(Food!$P$28-$Q$28) -> 0 | L41: =K41-H41 -> 0 | M41: =IF(E41=0,0,(IF((ISERROR((($P$28-$Q$28)/I41))),0,(($P$28-$Q$28))/I41)-1)) -> 0 | O41: Production | P41: =E34+E44 -> 0 | Q41: =P41*((I34+I44)/2) -> 0 | R41: =IF(ISERROR(Q41/P41),0,Q41/P41) -> 0
B42: Q4 | E42: =((175*((100+'General information'!$P$20+'General information'!$P$21+'General information'!$P$22)-'General information'!$L$20)/100)*(D42+C42))/100 -> 0 | F42: =(('General information'!$M$31*C42)*0.8+('General information'!$M$32*C42)*0.2) -> 0 | G42: =D42*'General information'!$C$2 -> 0 | H42: =F42+G42 -> 0 | I42: =IF(ISERROR(H42/E42),0,H42/E42) -> 0 | J42: =IF(E42=0,0,I42+$Q$28) -> 0 | K42: =E42*(Food!$P$28-$Q$28) -> 0 | L42: =K42-H42 -> 0 | M42: =IF(E42=0,0,(IF((ISERROR((($P$28-$Q$28)/I42))),0,(($P$28-$Q$28))/I42)-1)) -> 0 | O42: Purchase | P42: =IF(P43>P41,P43-P41,0) -> 0 | Q42: =P28*P42 -> 0 | R42: =IF(ISERROR(Q42/P42),0,Q42/P42) -> 0
B43: Q5 | E43: =((250*((100+'General information'!$P$20+'General information'!$P$21+'General information'!$P$22)-'General information'!$L$20)/100)*(D43+C43))/100 -> 0 | F43: =(('General information'!$M$31*C43)*0.8+('General information'!$M$32*C43)*0.2) -> 0 | G43: =D43*'General information'!$C$2 -> 0 | H43: =F43+G43 -> 0 | I43: =IF(ISERROR(H43/E43),0,H43/E43) -> 0 | J43: =IF(E43=0,0,I43+$Q$28) -> 0 | K43: =E43*(Food!$P$28-$Q$28) -> 0 | L43: =K43-H43 -> 0 | M43: =IF(E43=0,0,(IF((ISERROR((($P$28-$Q$28)/I43))),0,(($P$28-$Q$28))/I43)-1)) -> 0 | O43: Daily use | P43: =F12+F24 -> 0 | Q43: =Q41+Q42 -> 0 | R43: =IF(P43>P41,((P41/P43*R41)+(P42/P43*R42)),R41) -> 0
B44: Total | E44: =SUM(E39:E43) -> 0 | F44: =SUM(F39:F43) -> 0 | G44: =SUM(G39:G43) -> 0 | H44: =SUM(H39:H43) -> 0 | I44: =AVERAGE(I39:I43) -> 0 | J44: =AVERAGE(J39:J43) -> 0 | K44: =SUM(K39:K43) -> 0 | L44: =SUM(L39:L43) -> 0 | O44: Surplus / Shortage | P44: =P41-P43 -> 0

Sheet Consolidated Results
B2: Houses | E2: Weapons | H2: Food | K2: Airplanes
B4: Salary | C4: =Houses!I10+Houses!E30+Houses!I20+Houses!E40 -> 0 | E4: Salary | F4: =Weapons!G12+Weapons!G34+Weapons!G24+Weapons!G44 -> 0 | H4: Salary | I4: =Food!G12+Food!G24+Food!G34+Food!G44 -> 0 | K4: Salary | L4: =Airplanes!F10+Airplanes!F20+Airplanes!E30+Airplanes!E40 -> 0
B5: Manager Tax | C5: 0 | E5: Manager Tax | F5: =Weapons!H12+Weapons!F34+Weapons!H24+Weapons!F44 -> 0 | H5: Manager Tax | I5: =Food!H12+Food!H24+Food!F34+Food!F44 -> 0 | K5: Manager Tax | L5: 0
B6: Raw Material Cost | C6: =Houses!K10+Houses!K20 -> 0 | E6: Raw Material Cost | F6: =Weapons!I12+Weapons!I24 -> 0 | H6: Raw Material Cost | I6: =Food!I12+Food!I24 -> 0 | K6: Raw Material Cost | L6: =Airplanes!G10+Airplanes!G20 -> 0
B7: Total Cost | C7: =C4+C5+C6 -> 0 | E7: Total Cost | F7: =F4+F5+F6 -> 0 | H7: Total Cost | I7: =I4+I5+I6 -> 0 | K7: Total Cost | L7: =L4+L5+L6 -> 0
B8: Gross Revenue | C8: =Houses!N10+Houses!I30+C9+Houses!N20+Houses!I40 -> 0 | E8: Gross Revenue | F8: =Weapons!M12+Weapons!M24+Weapons!K34+Weapons!K44+F9 -> 0 | H8: Gross Revenue | I8: =I9+Food!M12+Food!M24+Food!K34+Food!K44 -> 0 | K8: Gross Revenue | L8: =Airplanes!K10+Airplanes!K20+Airplanes!G30+Airplanes!G40+L9 -> 0
B9: Sales Taxes | C9: =(Houses!H5+Houses!H15)*Houses!O25+(Houses!H6+Houses!H16)*Houses!O26+(Houses!H7+Houses!H17)*Houses!O27+(Houses!H8+Houses!H18)*Houses!O28+(Houses!H9+Houses!H19)*Houses!O29+(Houses!D30+Houses!D40)*Houses!O24 -> 0 | E9: Sales Taxes | F9: =(Weapons!E5+Weapons!E17)*Weapons!Q29+(Weapons!E6+Weapons!E18)*Weapons!Q30+((Weapons!E7+Weapons!E19)*Weapons!Q31+(Weapons!E8+Weapons!E20)*Weapons!Q32+(Weapons!E9+Weapons!E21)*Weapons!Q33+(Weapons!E10+Weapons!E22)*Weapons!Q34+(Weapons!E11+Weapons!E23)*Weapons!Q35+(Weapons!E34+Weapons!E44)*Weapons!Q28) -> 0 | H9: Sales Taxes | I9: =(Food!E5+Food!E17)*Food!Q29+(Food!E6+Food!E18)*Food!Q30+(Food!E7+Food!E19)*Food!Q31+(Food!E8+Food!E20)*Food!Q32+(Food!E9+Food!E21)*Food!Q33+(Food!E10+Food!E22)*Food!Q34+(Food!E11+Food!E23)*Food!Q35+(Food!E34+Food!E44)*Food!Q28 -> 0 | K9: Sales Taxes | L9: =(Airplanes!D5+Airplanes!D15)*Airplanes!N25+(Airplanes!D6+Airplanes!D16)*Airplanes!N26+(Airplanes!D7+Airplanes!D17)*Airplanes!N27+(Airplanes!D8+Airplanes!D18)*Airplanes!N28+(Airplanes!D9+Airplanes!D19)*Airplanes!N29+(Airplanes!D30+Airplanes!D40)*Airplanes!N24 -> 0
B10: Net Revenue | C10: =C8-C9 -> 0 | E10: Net Revenue | F10: =F8-F9 -> 0 | H10: Net Revenue | I10: =I8-I9 -> 0 | K10: Net Revenue | L10: =L8-L9 -> 0
B12: Profit/Loss | C12: =C10-C7 -> 0 | E12: Profit/Loss | F12: =F10-F7 -> 0 | H12: Profit/Loss | I12: =I10-I7 -> 0 | K12: Profit/Loss | L12: =L10-L7 -> 0
C13: =IFERROR(C12/C10,0) -> 0 | F13: =IFERROR(F12/F10,0) -> 0 | I13: =IFERROR(I12/I10,0) -> 0 | L13: =IFERROR(L12/L10,0) -> 0
F16: Daily Total | K16: Weekly Total
F18: Salary | H18: ='Consolidated Results'!C4+'Consolidated Results'!F4+'Consolidated Results'!I4+'Consolidated Results'!L4 -> 0 | K18: Salary | L18: =H18*7 -> 0
F19: Manager Tax | H19: ='Consolidated Results'!C5+'Consolidated Results'!F5+'Consolidated Results'!I5+'Consolidated Results'!L5 -> 0 | K19: Manager Tax | L19: =H19*7 -> 0
F20: Raw Material Cost | H20: ='Consolidated Results'!C6+'Consolidated Results'!F6+'Consolidated Results'!I6+'Consolidated Results'!L6 -> 0 | K20: Raw Material Cost | L20: =H20*7 -> 0
F21: Total Cost | H21: =H18+H19+H20 -> 0 | K21: Total Cost | L21: =L18+L19+L20 -> 0
F22: Gross Revenue | H22: ='Consolidated Results'!C8+'Consolidated Results'!F8+'Consolidated Results'!I8+'Consolidated Results'!L8 -> 0 | K22: Gross Revenue | L22: =H22*7 -> 0
F23: Sales Taxes | H23: ='Consolidated Results'!C9+'Consolidated Results'!F9+'Consolidated Results'!I9+'Consolidated Results'!L9 -> 0 | K23: Sales Taxes | L23: =H23*7 -> 0
F24: Net Revenue | H24: =H22-H23 -> 0 | K24: Net Revenue | L24: =L22-L23 -> 0
F26: Profit/Loss | H26: =H24-H21 -> 0 | K26: Profit/Loss | L26: =L24-L21 -> 0
H27: =IFERROR(H26/H24,0) -> 0 | L27: =IFERROR(L26/L24,0) -> 0

Sheet Consolidated Stock
B2: =Houses!M22 -> Stock - Houses | J2: =Airplanes!L22 -> Stock - Airplanes
B3: Quality | C3: Price | D3: Tax | E3: Amount | F3: Gross Value | G3: Total Tax | H3: Net Total | J3: Quality | K3: Price | L3: Tax | M3: Amount | N3: Gross Value | O3: Total Tax | P3: Net Total
B4: Raw | C4: =Houses!N24 -> 0 | D4: =Houses!O24 -> 0 | E4: =Houses!P24 -> 0 | F4: =Houses!Q24 -> 0 | G4: =Houses!R24 -> 0 | H4: =Houses!S24 -> 0 | J4: Raw | K4: =Airplanes!M24 -> 0 | L4: =Airplanes!N24 -> 0 | M4: =Airplanes!O24 -> 0 | N4: =Airplanes!P24 -> 0 | O4: =Airplanes!Q24 -> 0 | P4: =Airplanes!R24 -> 0
B5: Q1 | C5: =Houses!N25 -> 0 | D5: =Houses!O25 -> 0 | E5: =Houses!P25 -> 0 | F5: =Houses!Q25 -> 0 | G5: =Houses!R25 -> 0 | H5: =Houses!S25 -> 0 | J5: Q1 | K5: =Airplanes!M25 -> 0 | L5: =Airplanes!N25 -> 0 | M5: =Airplanes!O25 -> 0 | N5: =Airplanes!P25 -> 0 | O5: =Airplanes!Q25 -> 0 | P5: =Airplanes!R25 -> 0
B6: Q2 | C6: =Houses!N26 -> 0 | D6: =Houses!O26 -> 0 | E6: =Houses!P26 -> 0 | F6: =Houses!Q26 -> 0 | G6: =Houses!R26 -> 0 | H6: =Houses!S26 -> 0 | J6: Q2 | K6: =Airplanes!M26 -> 0 | L6: =Airplanes!N26 -> 0 | M6: =Airplanes!O26 -> 0 | N6: =Airplanes!P26 -> 0 | O6: =Airplanes!Q26 -> 0 | P6: =Airplanes!R26 -> 0 | Y6: =P27/657.981 -> 0
B7: Q3 | C7: =Houses!N27 -> 0 | D7: =Houses!O27 -> 0 | E7: =Houses!P27 -> 0 | F7: =Houses!Q27 -> 0 | G7: =Houses!R27 -> 0 | H7: =Houses!S27 -> 0 | J7: Q3 | K7: =Airplanes!M27 -> 0 | L7: =Airplanes!N27 -> 0 | M7: =Airplanes!O27 -> 0 | N7: =Airplanes!P27 -> 0 | O7: =Airplanes!Q27 -> 0 | P7: =Airplanes!R27 -> 0
B8: Q4 | C8: =Houses!N28 -> 0 | D8: =Houses!O28 -> 0 | E8: =Houses!P28 -> 0 | F8: =Houses!Q28 -> 0 | G8: =Houses!R28 -> 0 | H8: =Houses!S28 -> 0 | J8: Q4 | K8: =Airplanes!M28 -> 0 | L8: =Airplanes!N28 -> 0 | M8: =Airplanes!O28 -> 0 | N8: =Airplanes!P28 -> 0 | O8: =Airplanes!Q28 -> 0 | P8: =Airplanes!R28 -> 0
B9: Q5 | C9: =Houses!N29 -> 0 | D9: =Houses!O29 -> 0 | E9: =Houses!P29 -> 0 | F9: =Houses!Q29 -> 0 | G9: =Houses!R29 -> 0 | H9: =Houses!S29 -> 0 | J9: Q5 | K9: =Airplanes!M29 -> 0 | L9: =Airplanes!N29 -> 0 | M9: =Airplanes!O29 -> 0 | N9: =Airplanes!P29 -> 0 | O9: =Airplanes!Q29 -> 0 | P9: =Airplanes!R29 -> 0
C10: =Houses!N30 -> 0 | D10: =Houses!O30 -> 0 | E10: =Houses!P30 -> 0 | F10: =Houses!Q30 -> 0 | G10: =Houses!R30 -> 0 | H10: =Houses!S30 -> 0 | K10: =Airplanes!M30 -> 0 | L10: =Airplanes!N30 -> 0 | M10: =Airplanes!O30 -> 0 | N10: =Airplanes!P30 -> 0 | O10: =Airplanes!Q30 -> 0 | P10: =Airplanes!R30 -> 0
B12: =Weapons!O26 -> Stock - Weapons | J12: =Food!O26 -> Stock - Food
B13: Quality | C13: Price | D13: Tax | E13: Amount | F13: Gross Value | G13: Total Tax | H13: Net Total | J13: Quality | K13: Price | L13: Tax | M13: Amount | N13: Gross Value | O13: Total Tax | P13: Net Total
B14: Raw | C14: =Weapons!P28 -> 0 | D14: =Weapons!Q28 -> 0 | E14: =Weapons!R28 -> 0 | F14: =Weapons!S28 -> 0 | G14: =Weapons!T28 -> 0 | H14: =Weapons!U28 -> 0 | J14: Raw | K14: =Food!P28 -> 0 | L14: =Food!Q28 -> 0 | M14: =Food!R28 -> 0 | N14: =Food!S28 -> 0 | O14: =Food!T28 -> 0 | P14: =Food!U28 -> 0
B15: Q1 | C15: =Weapons!P29 -> 0 | D15: =Weapons!Q29 -> 0 | E15: =Weapons!R29 -> 0 | F15: =Weapons!S29 -> 0 | G15: =Weapons!T29 -> 0 | H15: =Weapons!U29 -> 0 | J15: Q1 | K15: =Food!P29 -> 0 | L15: =Food!Q29 -> 0 | M15: =Food!R29 -> 0 | N15: =Food!S29 -> 0 | O15: =Food!T29 -> 0 | P15: =Food!U29 -> 0
B16: Q2 | C16: =Weapons!P30 -> 0 | D16: =Weapons!Q30 -> 0 | E16: =Weapons!R30 -> 0 | F16: =Weapons!S30 -> 0 | G16: =Weapons!T30 -> 0 | H16: =Weapons!U30 -> 0 | J16: Q2 | K16: =Food!P30 -> 0 | L16: =Food!Q30 -> 0 | M16: =Food!R30 -> 0 | N16: =Food!S30 -> 0 | O16: =Food!T30 -> 0 | P16: =Food!U30 -> 0
B17: Q3 | C17: =Weapons!P31 -> 0 | D17: =Weapons!Q31 -> 0 | E17: =Weapons!R31 -> 0 | F17: =Weapons!S31 -> 0 | G17: =Weapons!T31 -> 0 | H17: =Weapons!U31 -> 0 | J17: Q3 | K17: =Food!P31 -> 0 | L17: =Food!Q31 -> 0 | M17: =Food!R31 -> 0 | N17: =Food!S31 -> 0 | O17: =Food!T31 -> 0 | P17: =Food!U31 -> 0
B18: Q4 | C18: =Weapons!P32 -> 0 | D18: =Weapons!Q32 -> 0 | E18: =Weapons!R32 -> 0 | F18: =Weapons!S32 -> 0 | G18: =Weapons!T32 -> 0 | H18: =Weapons!U32 -> 0 | J18: Q4 | K18: =Food!P32 -> 0 | L18: =Food!Q32 -> 0 | M18: =Food!R32 -> 0 | N18: =Food!S32 -> 0 | O18: =Food!T32 -> 0 | P18: =Food!U32 -> 0
B19: Q5 | C19: =Weapons!P33 -> 0 | D19: =Weapons!Q33 -> 0 | E19: =Weapons!R33 -> 0 | F19: =Weapons!S33 -> 0 | G19: =Weapons!T33 -> 0 | H19: =Weapons!U33 -> 0 | J19: Q5 | K19: =Food!P33 -> 0 | L19: =Food!Q33 -> 0 | M19: =Food!R33 -> 0 | N19: =Food!S33 -> 0 | O19: =Food!T33 -> 0 | P19: =Food!U33 -> 0
B20: Q6 | C20: =Weapons!P34 -> 0 | D20: =Weapons!Q34 -> 0 | E20: =Weapons!R34 -> 0 | F20: =Weapons!S34 -> 0 | G20: =Weapons!T34 -> 0 | H20: =Weapons!U34 -> 0 | J20: Q6 | K20: =Food!P34 -> 0 | L20: =Food!Q34 -> 0 | M20: =Food!R34 -> 0 | N20: =Food!S34 -> 0 | O20: =Food!T34 -> 0 | P20: =Food!U34 -> 0
B21: Q7 | C21: =Weapons!P35 -> 0 | D21: =Weapons!Q35 -> 0 | E21: =Weapons!R35 -> 0 | F21: =Weapons!S35 -> 0 | G21: =Weapons!T35 -> 0 | H21: =Weapons!U35 -> 0 | J21: Q7 | K21: =Food!P35 -> 0 | L21: =Food!Q35 -> 0 | M21: =Food!R35 -> 0 | N21: =Food!S35 -> 0 | O21: =Food!T35 -> 0 | P21: =Food!U35 -> 0
C22: =Weapons!P36 -> 0 | D22: =Weapons!Q36 -> 0 | E22: =Weapons!R36 -> 0 | F22: =Weapons!S36 -> 0 | G22: =Weapons!T36 -> 0 | H22: =Weapons!U36 -> 0 | K22: =Food!P36 -> 0 | L22: =Food!Q36 -> 0 | M22: =Food!R36 -> 0 | N22: =Food!S36 -> 0 | O22: =Food!T36 -> 0 | P22: =Food!U36 -> 0
B24: Tickets
B25: Quality | C25: Price | D25: Tax | E25: Amount | F25: Gross Value | G25: Total Tax | H25: Net Total
B26: Q1 | D26: =C26*'Effective Tax'!$B$3% -> 0 | E26: 0 | F26: =C26*E26 -> 0 | G26: =D26*E26 -> 0 | H26: =F26-G26 -> 0
B27: Q2 | D27: =C27*'Effective Tax'!$B$3% -> 0 | E27: 0 | F27: =C27*E27 -> 0 | G27: =D27*E27 -> 0 | H27: =F27-G27 -> 0
B28: Q3 | D28: =C28*'Effective Tax'!$B$3% -> 0 | E28: 0 | F28: =C28*E28 -> 0 | G28: =D28*E28 -> 0 | H28: =F28-G28 -> 0
B29: Q4 | D29: =C29*'Effective Tax'!$B$3% -> 0 | E29: 0 | F29: =C29*E29 -> 0 | G29: =D29*E29 -> 0 | H29: =F29-G29 -> 0
B30: Q5 | D30: =C30*'Effective Tax'!$B$3% -> 0 | E30: 0 | F30: =C30*E30 -> 0 | G30: =D30*E30 -> 0 | H30: =F30-G30 -> 0
D31: =SUM(D26:D30) -> 0 | F31: =SUM(F26:F30) -> 0 | G31: =SUM(G26:G30) -> 0 | H31: =SUM(H26:H30) -> 0
B33: Consolidated
B34: Branch | C34: Gross Value | D34: Total Tax | E34: Net Total | F34: Percentage
B35: Residential Industry | C35: =F10 -> 0 | D35: =G10 -> 0 | E35: =H10 -> 0 | F35: =IFERROR(E35/$E$39,0) -> 0
B36: Ground War Industry | C36: =F22 -> 0 | D36: =G22 -> 0 | E36: =H22 -> 0 | F36: =IFERROR(E36/$E$39,0) -> 0
B37: Air War Industry | C37: =N10 -> 0 | D37: =O10 -> 0 | E37: =P10 -> 0 | F37: =IFERROR(E37/$E$39,0) -> 0
B38: Food industry | C38: =N22 -> 0 | D38: =O22 -> 0 | E38: =P22 -> 0 | F38: =IFERROR(E38/$E$39,0) -> 0
B39: Total | C39: =SUM(C35:C38) -> 0 | D39: =SUM(D35:D38) -> 0 | E39: =SUM(E35:E38) -> 0 | F39: =SUM(F35:F38) -> 0

Sheet Return on Investment
B1: Residential Industry
B2: Manufacture - Holding 1 | H2: Raw Material - Holding 1 | O2: Manufacture - Holding 2 | U2: Raw Material - Holding 2
B3: Quality | C3: Gold Price | D3: CC Price | E3: Return (in days) | F3: Return (in Years) | H3: Quality | I3: CC Price | J3: Gold Price | K3: Return (in days) | L3: Return (in Years) | O3: Quality | P3: Gold Price | Q3: CC Price | R3: Return (in days) | S3: Return (in Years) | U3: Quality | V3: CC Price | W3: Gold Price | X3: Return (in days) | Y3: Return (in Years)
B4: Q1 | C4: 10 | D4: =C4*'General information'!$O$2 -> 0 | E4: =IFERROR(D4/Houses!O5,0) -> 0 | F4: =E4/365 -> 0 | H4: Q1 | I4: 1500 | J4: =IFERROR(I4/'General information'!$O$2,0) -> 0 | K4: =IFERROR(I4/Houses!J25,0) -> 0 | L4: =K4/365 -> 0 | O4: Q1 | P4: 10 | Q4: =P4*'General information'!$O$2 -> 0 | R4: =IFERROR(Q4/Houses!O15,0) -> 0 | S4: =R4/365 -> 0 | U4: Q1 | V4: 1500 | W4: =IFERROR(V4/'General information'!$O$2,0) -> 0 | X4: =IFERROR(V4/Houses!J35,0) -> 0 | Y4: =X4/365 -> 0
B5: Q2 | C5: 30 | D5: =C5*'General information'!$O$2 -> 0 | E5: =IFERROR(D5/Houses!O6,0) -> 0 | F5: =E5/365 -> 0 | H5: Q2 | I5: 3000 | J5: =IFERROR(I5/'General information'!$O$2,0) -> 0 | K5: =IFERROR(I5/Houses!J26,0) -> 0 | L5: =K5/365 -> 0 | O5: Q2 | P5: 30 | Q5: =P5*'General information'!$O$2 -> 0 | R5: =IFERROR(Q5/Houses!O16,0) -> 0 | S5: =R5/365 -> 0 | U5: Q2 | V5: 3000 | W5: =IFERROR(V5/'General information'!$O$2,0) -> 0 | X5: =IFERROR(V5/Houses!J36,0) -> 0 | Y5: =X5/365 -> 0
B6: Q3 | C6: 80 | D6: =C6*'General information'!$O$2 -> 0 | E6: =IFERROR(D6/Houses!O7,0) -> 0 | F6: =E6/365 -> 0 | H6: Q3 | I6: =J6*'General information'!$O$2 -> 0 | J6: 10 | K6: =IFERROR(I6/Houses!J27,0) -> 0 | L6: =K6/365 -> 0 | O6: Q3 | P6: 80 | Q6: =P6*'General information'!$O$2 -> 0 | R6: =IFERROR(Q6/Houses!O17,0) -> 0 | S6: =R6/365 -> 0 | U6: Q3 | V6: =W6*'General information'!$O$2 -> 0 | W6: 10 | X6: =IFERROR(V6/Houses!J37,0) -> 0 | Y6: =X6/365 -> 0
B7: Q4 | C7: 180 | D7: =C7*'General information'!$O$2 -> 0 | E7: =IFERROR(D7/Houses!O8,0) -> 0 | F7: =E7/365 -> 0 | H7: Q4 | I7: 8500 | J7: =IFERROR(I7/'General information'!$O$2,0) -> 0 | K7: =IFERROR(I7/Houses!J28,0) -> 0 | L7: =K7/365 -> 0 | O7: Q4 | P7: 180 | Q7: =P7*'General information'!$O$2 -> 0 | R7: =IFERROR(Q7/Houses!O18,0) -> 0 | S7: =R7/365 -> 0 | U7: Q4 | V7: 8500 | W7: =IFERROR(V7/'General information'!$O$2,0) -> 0 | X7: =IFERROR(V7/Houses!J38,0) -> 0 | Y7: =X7/365 -> 0
B8: Q5 | C8: 380 | D8: =C8*'General information'!$O$2 -> 0 | E8: =IFERROR(D8/Houses!O9,0) -> 0 | F8: =E8/365 -> 0 | H8: Q5 | I8: =J8*'General information'!$O$2 -> 0 | J8: 35 | K8: =IFERROR(I8/Houses!J29,0) -> 0 | L8: =K8/365 -> 0 | O8: Q5 | P8: 380 | Q8: =P8*'General information'!$O$2 -> 0 | R8: =IFERROR(Q8/Houses!O19,0) -> 0 | S8: =R8/365 -> 0 | U8: Q5 | V8: =W8*'General information'!$O$2 -> 0 | W8: 35 | X8: =IFERROR(V8/Houses!J39,0) -> 0 | Y8: =X8/365 -> 0
B9: Q6 | C9: 780 | D9: =C9*'General information'!$O$2 -> 0 | O9: Q6 | P9: 780 | Q9: =P9*'General information'!$O$2 -> 0 | S9: =R9/365 -> 0
B10: Q7 | C10: 1230 | D10: =C10*'General information'!$O$2 -> 0 | O10: Q7 | P10: 1230 | Q10: =P10*'General information'!$O$2 -> 0 | S10: =R10/365 -> 0
B13: Ground War Industry
B14: Manufacture - Holding 1 | H14: Raw Material - Holding 1 | O14: Manufacture - Holding 2 | U14: Raw Material - Holding 2
B15: Quality | C15: Gold Price | D15: CC Price | E15: Return (in days) | F15: Return (in Years) | H15: Quality | I15: CC Price | J15: Gold Price | K15: Return (in days) | L15: Return (in Years) | O15: Quality | P15: Gold Price | Q15: CC Price | R15: Return (in days) | S15: Return (in Years) | U15: Quality | V15: CC Price | W15: Gold Price | X15: Return (in days) | Y15: Return (in Years)
B16: Q1 | C16: 10 | D16: =C16*'General information'!$O$2 -> 0 | E16: =IFERROR(D16/(Weapons!N5/Weapons!C5),0) -> 0 | F16: =E16/365 -> 0 | H16: Q1 | I16: 1500 | J16: =IFERROR(I16/'General information'!$O$2,0) -> 0 | K16: =IFERROR(I16/(Weapons!L29/Weapons!C29),0) -> 0 | L16: =K16/365 -> 0 | O16: Q1 | P16: 10 | Q16: =P16*'General information'!$O$2 -> 0 | R16: =IFERROR(Q16/(Weapons!N17/Weapons!E17),0) -> 0 | S16: =R16/365 -> 0 | U16: Q1 | V16: 1500 | W16: =IFERROR(V16/'General information'!$O$2,0) -> 0 | X16: =IFERROR(V16/(Weapons!L39/Weapons!C39),0) -> 0 | Y16: =X16/365 -> 0
B17: Q2 | C17: 30 | D17: =C17*'General information'!$O$2 -> 0 | E17: =IFERROR(D17/(Weapons!N6/Weapons!C6),0) -> 0 | F17: =E17/365 -> 0 | H17: Q2 | I17: 3000 | J17: =IFERROR(I17/'General information'!$O$2,0) -> 0 | K17: =IFERROR(I17/(Weapons!L30/Weapons!C30),0) -> 0 | L17: =K17/365 -> 0 | O17: Q2 | P17: 30 | Q17: =P17*'General information'!$O$2 -> 0 | R17: =IFERROR(Q17/(Weapons!N18/Weapons!E18),0) -> 0 | S17: =R17/365 -> 0 | U17: Q2 | V17: 3000 | W17: =IFERROR(V17/'General information'!$O$2,0) -> 0 | X17: =IFERROR(V17/(Weapons!L40/Weapons!C40),0) -> 0 | Y17: =X17/365 -> 0
B18: Q3 | C18: 80 | D18: =C18*'General information'!$O$2 -> 0 | E18: =IFERROR(D18/(Weapons!N7/Weapons!C7),0) -> 0 | F18: =E18/365 -> 0 | H18: Q3 | I18: =J18*'General information'!O2 -> 0 | J18: 10 | K18: =IFERROR(I18/(Weapons!L31/Weapons!C31),0) -> 0 | L18: =K18/365 -> 0 | O18: Q3 | P18: 80 | Q18: =P18*'General information'!$O$2 -> 0 | R18: =IFERROR(Q18/(Weapons!N19/Weapons!E19),0) -> 0 | S18: =R18/365 -> 0 | U18: Q3 | V18: =W18*'General information'!$O$2 -> 0 | W18: 10 | X18: =IFERROR(V18/(Weapons!L41/Weapons!C41),0) -> 0 | Y18: =X18/365 -> 0
B19: Q4 | C19: 180 | D19: =C19*'General information'!$O$2 -> 0 | E19: =IFERROR(D19/(Weapons!N8/Weapons!C8),0) -> 0 | F19: =E19/365 -> 0 | H19: Q4 | I19: 8500 | J19: =IFERROR(I19/'General information'!$O$2,0) -> 0 | K19: =IFERROR(I19/(Weapons!L32/Weapons!C32),0) -> 0 | L19: =K19/365 -> 0 | O19: Q4 | P19: 180 | Q19: =P19*'General information'!$O$2 -> 0 | R19: =IFERROR(Q19/(Weapons!N20/Weapons!E20),0) -> 0 | S19: =R19/365 -> 0 | U19: Q4 | V19: 8500 | W19: =IFERROR(V19/'General information'!$O$2,0) -> 0 | X19: =IFERROR(V19/(Weapons!L42/Weapons!C42),0) -> 0 | Y19: =X19/365 -> 0
B20: Q5 | C20: 380 | D20: =C20*'General information'!$O$2 -> 0 | E20: =IFERROR(D20/(Weapons!N9/Weapons!C9),0) -> 0 | F20: =E20/365 -> 0 | H20: Q5 | I20: =J20*'General information'!O2 -> 0 | J20: 35 | K20: =IFERROR(I20/(Weapons!L33/Weapons!C33),0) -> 0 | L20: =K20/365 -> 0 | O20: Q5 | P20: 380 | Q20: =P20*'General information'!$O$2 -> 0 | R20: =IFERROR(Q20/(Weapons!N21/Weapons!E21),0) -> 0 | S20: =R20/365 -> 0 | U20: Q5 | V20: =W20*'General information'!$O$2 -> 0 | W20: 35 | X20: =IFERROR(V20/(Weapons!L43/Weapons!C43),0) -> 0 | Y20: =X20/365 -> 0
B21: Q6 | C21: 780 | D21: =C21*'General information'!$O$2 -> 0 | E21: =IFERROR(D21/(Weapons!N10/Weapons!C10),0) -> 0 | F21: =E21/365 -> 0 | O21: Q6 | P21: 780 | Q21: =P21*'General information'!$O$2 -> 0 | R21: =IFERROR(Q21/(Weapons!N22/Weapons!E22),0) -> 0 | S21: =R21/365 -> 0
B22: Q7 | C22: 1230 | D22: =C22*'General information'!$O$2 -> 0 | E22: =IFERROR(D22/(Weapons!N11/Weapons!C11),0) -> 0 | F22: =E22/365 -> 0 | O22: Q7 | P22: 1230 | Q22: =P22*'General information'!$O$2 -> 0 | R22: =IFERROR(Q22/(Weapons!N23/Weapons!E23),0) -> 0 | S22: =R22/365 -> 0
B25: Food industry
B26: Manufacture - Holding 1 | H26: Raw Material - Holding 1 | O26: Manufacture - Holding 2 | U26: Raw Material - Holding 2
B27: Quality | C27: Gold Price | D27: CC Price | E27: Return (in days) | F27: Return (in Years) | H27: Quality | I27: CC Price | J27: Gold Price | K27: Return (in days) | L27: Return (in Years) | O27: Quality | P27: Gold Price | Q27: CC Price | R27: Return (in days) | S27: Return (in Years) | U27: Quality | V27: CC Price | W27: Gold Price | X27: Return (in days) | Y27: Return (in Years)
B28: Q1 | C28: 10 | D28: =C28*'General information'!$O$2 -> 0 | E28: =IFERROR(D28/(Food!N5/Food!C5),0) -> 0 | F28: =E28/365 -> 0 | H28: Q1 | I28: 1500 | J28: =IFERROR(I28/'General information'!$O$2,0) -> 0 | K28: =IFERROR(I28/(Food!L29/Food!C29),0) -> 0 | L28: =K28/365 -> 0 | O28: Q1 | P28: 10 | Q28: =P28*'General information'!$O$2 -> 0 | R28: =IFERROR(Q28/(Food!N17/Food!C17),0) -> 0 | S28: =R28/365 -> 0 | U28: Q1 | V28: 1500 | W28: =IFERROR(V28/'General information'!$O$2,0) -> 0 | X28: =IFERROR(V28/(Food!L39/Food!C39),0) -> 0 | Y28: =X28/365 -> 0
B29: Q2 | C29: 30 | D29: =C29*'General information'!$O$2 -> 0 | E29: =IFERROR(D29/(Food!N6/Food!C6),0) -> 0 | F29: =E29/365 -> 0 | H29: Q2 | I29: 3000 | J29: =IFERROR(I29/'General information'!$O$2,0) -> 0 | K29: =IFERROR(I29/(Food!L30/Food!C30),0) -> 0 | L29: =K29/365 -> 0 | O29: Q2 | P29: 30 | Q29: =P29*'General information'!$O$2 -> 0 | R29: =IFERROR(Q29/(Food!N18/Food!C18),0) -> 0 | S29: =R29/365 -> 0 | U29: Q2 | V29: 3000 | W29: =IFERROR(V29/'General information'!$O$2,0) -> 0 | X29: =IFERROR(V29/(Food!L40/Food!C40),0) -> 0 | Y29: =X29/365 -> 0
B30: Q3 | C30: 80 | D30: =C30*'General information'!$O$2 -> 0 | E30: =IFERROR(D30/(Food!N7/Food!C7),0) -> 0 | F30: =E30/365 -> 0 | H30: Q3 | I30: =J30*'General information'!$O$2 -> 0 | J30: 10 | K30: =IFERROR(I30/(Food!L31/Food!C31),0) -> 0 | L30: =K30/365 -> 0 | O30: Q3 | P30: 80 | Q30: =P30*'General information'!$O$2 -> 0 | R30: =IFERROR(Q30/(Food!N19/Food!C19),0) -> 0 | S30: =R30/365 -> 0 | U30: Q3 | V30: =W30*'General information'!$O$2 -> 0 | W30: 10 | X30: =IFERROR(V30/(Food!L41/Food!C41),0) -> 0 | Y30: =X30/365 -> 0
B31: Q4 | C31: 180 | D31: =C31*'General information'!$O$2 -> 0 | E31: =IFERROR(D31/(Food!N8/Food!C8),0) -> 0 | F31: =E31/365 -> 0 | H31: Q4 | I31: 8500 | J31: =IFERROR(I31/'General information'!$O$2,0) -> 0 | K31: =IFERROR(I31/(Food!L32/Food!C32),0) -> 0 | L31: =K31/365 -> 0 | O31: Q4 | P31: 180 | Q31: =P31*'General information'!$O$2 -> 0 | R31: =IFERROR(Q31/(Food!N20/Food!C20),0) -> 0 | S31: =R31/365 -> 0 | U31: Q4 | V31: 8500 | W31: =IFERROR(V31/'General information'!$O$2,0) -> 0 | X31: =IFERROR(V31/(Food!L42/Food!C42),0) -> 0 | Y31: =X31/365 -> 0
B32: Q5 | C32: 380 | D32: =C32*'General information'!$O$2 -> 0 | E32: =IFERROR(D32/(Food!N9/Food!C9),0) -> 0 | F32: =E32/365 -> 0 | H32: Q5 | I32: =J32*'General information'!$O$2 -> 0 | J32: 35 | K32: =IFERROR(I32/(Food!L33/Food!C33),0) -> 0 | L32: =K32/365 -> 0 | O32: Q5 | P32: 380 | Q32: =P32*'General information'!$O$2 -> 0 | R32: =IFERROR(Q32/(Food!N21/Food!C21),0) -> 0 | S32: =R32/365 -> 0 | U32: Q5 | V32: =W32*'General information'!$O$2 -> 0 | W32: 35 | X32: =IFERROR(V32/(Food!L43/Food!C43),0) -> 0 | Y32: =X32/365 -> 0
B33: Q6 | C33: 780 | D33: =C33*'General information'!$O$2 -> 0 | E33: =IFERROR(D33/(Food!N10/Food!C10),0) -> 0 | F33: =E33/365 -> 0 | O33: Q6 | P33: 780 | Q33: =P33*'General information'!$O$2 -> 0 | R33: =IFERROR(Q33/(Food!N22/Food!C22),0) -> 0 | S33: =R33/365 -> 0
B34: Q7 | C34: 1230 | D34: =C34*'General information'!$O$2 -> 0 | E34: =IFERROR(D34/(Food!N11/Food!C11),0) -> 0 | F34: =E34/365 -> 0 | O34: Q7 | P34: 1230 | Q34: =P34*'General information'!$O$2 -> 0 | R34: =IFERROR(Q34/(Food!N23/Food!C23),0) -> 0 | S34: =R34/365 -> 0
B37: Air War Industry
B38: Manufacture - Holding 1 | H38: Raw Material - Holding 1 | O38: Manufacture - Holding 2 | U38: Raw Material - Holding 2
B39: Quality | C39: Gold Price | D39: CC Price | E39: Return (in days) | F39: Return (in Years) | H39: Quality | I39: CC Price | J39: Gold Price | K39: Return (in days) | L39: Return (in Years) | O39: Quality | P39: Gold Price | Q39: CC Price | R39: Return (in days) | S39: Return (in Years) | U39: Quality | V39: CC Price | W39: Gold Price | X39: Return (in days) | Y39: Return (in Years)
B40: Q1 | C40: 10 | D40: =C40*'General information'!$O$2 -> 0 | E40: =IFERROR(D40/Airplanes!L5,0) -> 0 | F40: =E40/365 -> 0 | H40: Q1 | I40: 1500 | J40: =IFERROR(I40/'General information'!$O$2,0) -> 0 | K40: =IFERROR(I40/Airplanes!I25,0) -> 0 | L40: =K40/365 -> 0 | O40: Q1 | P40: 10 | Q40: =P40*'General information'!$O$2 -> 0 | R40: =IFERROR(Q40/Airplanes!L15,0) -> 0 | S40: =R40/365 -> 0 | U40: Q1 | V40: 1500 | W40: =IFERROR(V40/'General information'!$O$2,0) -> 0 | X40: =IFERROR(V40/Airplanes!I35,0) -> 0 | Y40: =X40/365 -> 0
B41: Q2 | C41: 30 | D41: =C41*'General information'!$O$2 -> 0 | E41: =IFERROR(D41/Airplanes!L6,0) -> 0 | F41: =E41/365 -> 0 | H41: Q2 | I41: 3000 | J41: =IFERROR(I41/'General information'!$O$2,0) -> 0 | K41: =IFERROR(I41/Airplanes!I26,0) -> 0 | L41: =K41/365 -> 0 | O41: Q2 | P41: 30 | Q41: =P41*'General information'!$O$2 -> 0 | R41: =IFERROR(Q41/Airplanes!L16,0) -> 0 | S41: =R41/365 -> 0 | U41: Q2 | V41: 3000 | W41: =IFERROR(V41/'General information'!$O$2,0) -> 0 | X41: =IFERROR(V41/Airplanes!I36,0) -> 0 | Y41: =X41/365 -> 0
B42: Q3 | C42: 80 | D42: =C42*'General information'!$O$2 -> 0 | E42: =IFERROR(D42/Airplanes!L7,0) -> 0 | F42: =E42/365 -> 0 | H42: Q3 | I42: =J42*'General information'!$O$2 -> 0 | J42: 10 | K42: =IFERROR(I42/Airplanes!I27,0) -> 0 | L42: =K42/365 -> 0 | O42: Q3 | P42: 80 | Q42: =P42*'General information'!$O$2 -> 0 | R42: =IFERROR(Q42/Airplanes!L17,0) -> 0 | S42: =R42/365 -> 0 | U42: Q3 | V42: =W42*'General information'!$O$2 -> 0 | W42: 10 | X42: =IFERROR(V42/Airplanes!I37,0) -> 0 | Y42: =X42/365 -> 0
B43: Q4 | C43: 180 | D43: =C43*'General information'!$O$2 -> 0 | E43: =IFERROR(D43/Airplanes!L8,0) -> 0 | F43: =E43/365 -> 0 | H43: Q4 | I43: 8500 | J43: =IFERROR(I43/'General information'!$O$2,0) -> 0 | K43: =IFERROR(I43/Airplanes!I28,0) -> 0 | L43: =K43/365 -> 0 | O43: Q4 | P43: 180 | Q43: =P43*'General information'!$O$2 -> 0 | R43: =IFERROR(Q43/Airplanes!L18,0) -> 0 | S43: =R43/365 -> 0 | U43: Q4 | V43: 8500 | W43: =IFERROR(V43/'General information'!$O$2,0) -> 0 | X43: =IFERROR(V43/Airplanes!I38,0) -> 0 | Y43: =X43/365 -> 0
B44: Q5 | C44: 380 | D44: =C44*'General information'!$O$2 -> 0 | E44: =IFERROR(D44/Airplanes!L9,0) -> 0 | F44: =E44/365 -> 0 | H44: Q5 | I44: =J44*'General information'!$O$2 -> 0 | J44: 35 | K44: =IFERROR(I44/Airplanes!I29,0) -> 0 | L44: =K44/365 -> 0 | O44: Q5 | P44: 380 | Q44: =P44*'General information'!$O$2 -> 0 | R44: =IFERROR(Q44/Airplanes!L19,0) -> 0 | S44: =R44/365 -> 0 | U44: Q5 | V44: =W44*'General information'!$O$2 -> 0 | W44: 35 | X44: =IFERROR(V44/Airplanes!I39,0) -> 0 | Y44: =X44/365 -> 0
B45: Q6 | C45: 780 | D45: =C45*'General information'!$O$2 -> 0 | E45: =IFERROR(D45/Airplanes!L10,0) -> 0 | F45: =E45/365 -> 0 | O45: Q6 | P45: 780 | Q45: =P45*'General information'!$O$2 -> 0 | R45: =IFERROR(Q45/Airplanes!L20,0) -> 0 | S45: =R45/365 -> 0
B46: Q7 | C46: 1230 | D46: =C46*'General information'!$O$2 -> 0 | E46: =IFERROR(D46/Airplanes!L11,0) -> 0 | F46: =E46/365 -> 0 | O46: Q7 | P46: 1230 | Q46: =P46*'General information'!$O$2 -> 0 | R46: =IFERROR(Q46/Airplanes!L21,0) -> 0 | S46: =R46/365 -> 0

Sheet Effective Tax
A1: Nominal Rate | B1: Effective Rate | E1: Nominal Rate | F1: Effective Rate | I1: Nominal Rate | J1: Effective Rate | M1: Nominal Rate | N1: Effective Rate | Q1: Nominal Rate | R1: Effective Rate
B2: TAX (VAT) | C2: TAX (Import) | F2: TAX (VAT) | G2: TAX (Import) | J2: TAX (VAT) | K2: TAX (Import) | N2: TAX (VAT) | O2: TAX (Import) | R2: TAX (VAT) | S2: TAX (Import)
A3: 0.01 | B3: 0.990099 | C3: 0.9705 | E3: 0.21 | I3: 0.41 | M3: 0.61 | Q3: 0.81
A4: 0.02 | E4: 0.22 | I4: 0.42 | M4: 0.62 | Q4: 0.82
A5: 0.03 | E5: 0.23 | I5: 0.43 | M5: 0.63 | Q5: 0.83
A6: 0.04 | E6: 0.24 | I6: 0.44 | M6: 0.64 | Q6: 0.84
A7: 0.05 | B7: 4.7619 | C7: 4.6704 | E7: 0.25 | I7: 0.45 | M7: 0.65 | Q7: 0.85
A8: 0.06 | E8: 0.26 | I8: 0.46 | M8: 0.66 | Q8: 0.86
A9: 0.07 | E9: 0.27 | I9: 0.47 | M9: 0.67 | Q9: 0.87
A10: 0.08 | E10: 0.28 | I10: 0.48 | M10: 0.68 | Q10: 0.88
A11: 0.09 | E11: 0.29 | I11: 0.49 | M11: 0.69 | Q11: 0.89
A12: 0.1 | E12: 0.3 | I12: 0.5 | M12: 0.7 | Q12: 0.9
A13: 0.11 | E13: 0.31 | I13: 0.51 | M13: 0.71 | Q13: 0.91
A14: 0.12 | E14: 0.32 | I14: 0.52 | M14: 0.72 | Q14: 0.92
A15: 0.13 | E15: 0.33 | I15: 0.53 | M15: 0.73 | Q15: 0.93
A16: 0.14 | E16: 0.34 | I16: 0.54 | M16: 0.74 | Q16: 0.94
A17: 0.15 | E17: 0.35 | I17: 0.55 | M17: 0.75 | Q17: 0.95
A18: 0.16 | E18: 0.36 | I18: 0.56 | M18: 0.76 | Q18: 0.96
A19: 0.17 | E19: 0.37 | I19: 0.57 | M19: 0.77 | Q19: 0.97
... A22: 0.2 | E22: 0.4 | I22: 0.6 | M22: 0.8 | Q22: 1
